Cogmind - Beta 10.1 @@@ ROGUE MODE // 2021.06.13 @ 17:33:20 // Winter2019/RPGLIKE Player: Farfid Result: Escaped! Performance ------------- Evolutions (9) 4500 Regions Visited (35) 7000 Robots Destroyed (1059) 5295 Value Destroyed (58553) 58553 Prototype IDs (63) 1260 Alien Tech Used (0) 0 Bonus (43661) 43661 TOTAL SCORE: 120269 Bonus ------- Triggered High Security 1000 High Alert Combat Kills 29182 Follower Combat Kills 5085 Entered Garrisons 1600 Used RIF Installer 4000 Network Hubs Disabled 200 Built Enhanced Grunts 300 A7 Reached Mainframe 300 Met R17 at Cetus 500 Hacked Protovariant 500 Scanned by Researcher 500 Win 3000 Friendly Fire -2506 Cogmind --------- Core Integrity 2031/2100 Matter 400/400 Energy 1358/1380 System Corruption 2% Temperature Cool (20) Movement Hovering (38) Location To Epsilon Eridani Parts ------- > --- POWER (2) -------- Heavy Antimatter Reactor Graviton Reactor > --- PROPULSION (6) --- Cooled Gravmag System Combat Linear Gravjet Combat Linear Gravjet Combat Linear Gravjet Combat Linear Gravjet Combat Linear Gravjet > --- UTILITY (12) ----- Experimental Power Amplifier Advanced Energy Well Advanced Signal Interpreter Advanced Terrain Scanner Matter Filter Energy Filter Advanced Kinecellerator Damper Plating Experimental Hardlight Generator Long-range Tractor Beam > --- WEAPON (4) ------- Multirail Multirail Hypervelocity Multirail Gamma Bomb Array > --- INVENTORY (6) ---- Relay Coupler [Hunter] (48) EMDS Enhanced Nova Cannon Advanced Remote Datajack Peak State ------------ > --- POWER ------------ Heavy Antimatter Reactor Graviton Reactor > --- PROPULSION ------- Cooled Gravmag System Combat Linear Gravjet Combat Linear Gravjet Combat Linear Gravjet Combat Linear Gravjet Combat Linear Gravjet > --- UTILITY ---------- Experimental Power Amplifier Advanced Energy Well Advanced Signal Interpreter Advanced Terrain Scanner Experimental Core Analyzer Matter Filter Energy Filter Damper Plating Experimental Hardlight Generator Long-range Tractor Beam > --- WEAPON ----------- Multirail Multirail Hypervelocity Multirail Gamma Bomb Array > --- INVENTORY -------- Relay Coupler [Hunter] EMDS Enhanced Nova Cannon Advanced Remote Datajack [Rating: 192] Favorites ----------- Power Micro Fission Core Engine Light Angular Momentum Engine Power Core Micro Fission Core Reactor Heavy Antimatter Reactor Propulsion Combat Linear Gravjet Wheel Wheel Hover Unit Combat Linear Gravjet Utility Advanced Terrain Scanner Device Advanced Terrain Scanner Storage Energy Well Processor Improved Signal Interpreter Hackware Relay Coupler [NC] Protection Damper Plating Weapon Advanced Beam Cannon Energy Gun Cooled Pulse Rifle Energy Cannon Advanced Beam Cannon Ballistic Gun Hypervelocity Multirail Ballistic Cannon Light Cannon Launcher Heavy Shock Bomb Launcher Special Weapon Advanced Remote Datajack Impact Weapon Powered Hammer Slashing Weapon Ionic Axe Special Melee Weapon Improved Datajack Build | -11 -10 -10 -9 -9 -9 -8 -8 -8 -8 -7 -7 -7 -7 -6 -6 -6 -5 -5 -5 -5 -5 -5 -4 -4 -4 -4 -4 -3 -3 -2 -2 -1 -1 -1 -1 ------- Run | Scr Mat Min Mat Sto Gar Mat Gar Mat Gar Fac Low Low Zio Pro Fac Gar Fac Was Fac Gar Fac Gar Fac Ext Cet Arc Hub Res Tes Res Gar Acc Gar Acc Com Slots Evolved 20 | 3 . . 1 1 2 2 2 . 1 1 . . . 1 1 1 . . . . . . . 1 . . . 1 . . . . 2 . . Power 1 | . . . . . . 1 . . . . . . . . . . . . . . . . . . . . . . . . . . . . . Propulsion 5 | 1 . . . . 1 1 . . . . . . . . 1 1 . . . . . . . . . . . . . . . . . . . Utility 11 | 1 . . . 1 1 . 1 . 1 1 . . . 1 . . . . . . . . . 1 . . . 1 . . . . 2 . . Weapon 3 | 1 . . 1 . . . 1 . . . . . . . . . . . . . . . . . . . . . . . . . . . . Parts Attached 283 | 5 2 2 3 12 2 12 3 6 5 23 . 2 . 1 11 10 15 3 28 5 3 10 6 5 2 . 16 22 26 . 2 1 5 19 16 Power 19 | 1 . . . . 1 2 1 . . 2 . . . . 1 . 1 . . 1 . . . . 2 . . . 3 . . . . 1 3 Engine 4 | 1 . . . . 1 1 1 . . . . . . . . . . . . . . . . . . . . . . . . . . . . Core 5 | . . . . . . 1 . . . 2 . . . . 1 . 1 . . . . . . . . . . . . . . . . . . Reactor 10 | . . . . . . . . . . . . . . . . . . . . 1 . . . . 2 . . . 3 . . . . 1 3 Propulsion 44 | 2 . . . 1 . 5 . . 1 5 . . . . 5 1 9 . 7 . . . . . . . 2 . 2 . . . . 3 1 Treads . | . . . . . . . . . . . . . . . . . . . . . . . . . . . . . . . . . . . . Leg . | . . . . . . . . . . . . . . . . . . . . . . . . . . . . . . . . . . . . Wheel 15 | 2 . . . 1 . 4 . . 1 4 . . . . . . 3 . . . . . . . . . . . . . . . . . . Hover 29 | . . . . . . 1 . . . 1 . . . . 5 1 6 . 7 . . . . . . . 2 . 2 . . . . 3 1 Flight . | . . . . . . . . . . . . . . . . . . . . . . . . . . . . . . . . . . . . Utility 111 | . 1 1 . 2 1 1 1 . 2 5 . 2 . 1 . 1 2 3 11 4 2 6 4 3 . . 8 14 18 . . 1 2 8 7 Device 77 | . 1 . . . . . . . 2 4 . 1 . 1 . . 1 2 8 3 1 3 4 2 . . 7 11 13 . . 1 1 6 5 Storage 7 | . . . . . . . . . . 1 . . . . . 1 . . 1 . . . . . . . . . 3 . . . 1 . . Processor 12 | . . . . 2 1 . . . . . . . . . . . 1 . 2 . 1 . . . . . 1 1 2 . . . . 1 . Hackware 7 | . . . . . . . 1 . . . . . . . . . . . . . . 2 . 1 . . . 1 . . . . . 1 1 Protection 8 | . . 1 . . . 1 . . . . . 1 . . . . . 1 . 1 . 1 . . . . . 1 . . . . . . 1 Artifact . | . . . . . . . . . . . . . . . . . . . . . . . . . . . . . . . . . . . . Weapon 109 | 2 1 1 3 9 . 4 1 6 2 11 . . . . 5 8 3 . 10 . 1 4 2 2 . . 6 8 3 . 2 . 3 7 5 Energy Gun 25 | . . . 3 2 . . . 3 . 4 . . . . 3 7 1 . . . 1 . . . . . . . . . . . . 1 . Energy Cannon 27 | . . 1 . 5 . 2 . 2 . 1 . . . . . . . . 2 . . 1 . . . . 3 5 2 . . . 1 1 1 Ballistic Gun 6 | 2 . . . . . . . . . . . . . . . . . . . . . . . . . . . . 1 . . . 1 . 2 Ballistic Cannon 1 | . 1 . . . . . . . . . . . . . . . . . . . . . . . . . . . . . . . . . . Launcher 25 | . . . . 2 . 2 . . 1 2 . . . . 1 1 1 . 4 . . 1 1 1 . . 3 1 . . . . . 3 1 Special Weapon 17 | . . . . . . . . . . 2 . . . . . . 1 . 3 . . 2 1 1 . . . 2 . . 2 . 1 1 1 Impact Weapon 4 | . . . . . . . . . . 2 . . . . 1 . . . . . . . . . . . . . . . . . . 1 . Slashing Weapon 1 | . . . . . . . . . . . . . . . . . . . 1 . . . . . . . . . . . . . . . . Piercing Weapon . | . . . . . . . . . . . . . . . . . . . . . . . . . . . . . . . . . . . . Special Melee Weapon 3 | . . . . . . . 1 1 1 . . . . . . . . . . . . . . . . . . . . . . . . . . Unidentified Prototypes 51 | . . . 1 2 . 1 . 3 . 6 . . . . 3 . 1 . 2 . . . . . . . 4 7 16 . . . . 2 3 Parts Lost 3 | . . . . . . . . . . . . . . . 1 . . . . . . . . . . . . . 2 . . . . . . Power 2 | . . . . . . . . . . . . . . . 1 . . . . . . . . . . . . . 1 . . . . . . Propulsion . | . . . . . . . . . . . . . . . . . . . . . . . . . . . . . . . . . . . . Utility 1 | . . . . . . . . . . . . . . . . . . . . . . . . . . . . . 1 . . . . . . Weapon . | . . . . . . . . . . . . . . . . . . . . . . . . . . . . . . . . . . . . Highest Loss Streak 1 | . . . . . . . . . . . . . . . 1 . . . . . . . . . . . . . 1 . . . . . . Average Slot Usage (%) 92 | . 78 86 100 98 99 96 99 100 100 94 94 94 94 94 93 93 86 96 89 98 89 97 90 90 90 90 89 85 85 86 86 86 85 86 88 Engine 2 | . 14 14 13 11 10 . 7 13 12 5 . . . . . . . . . . . . . . . . . . . . . . . . . Core 4 | . . . . . . 8 5 . . 5 11 11 11 11 10 10 10 10 10 7 5 5 5 4 . . . . . . . . . . . Reactor 3 | . . . . . . . . . . . . . . . . . . . . 2 5 5 5 4 8 9 9 9 9 9 9 9 8 7 7 Wheel 10 | . 28 28 26 22 20 24 28 26 25 19 17 17 17 16 11 . 12 . . . . . . . . . . . . . . . . . . Hover 13 | . . . . . . 1 . . . . . . . . 5 22 3 30 29 30 30 30 30 29 28 28 28 27 27 27 27 27 25 25 25 Device 20 | . 7 14 13 11 10 8 6 6 9 22 29 29 29 29 32 30 30 25 17 28 14 22 15 13 19 19 19 20 21 18 18 20 20 24 26 Storage 3 | . . . . . . . . . . 5 5 5 5 5 5 5 5 5 2 5 5 5 5 4 4 4 4 4 4 4 4 2 3 4 4 Processor 7 | . . . . 9 14 17 14 13 12 6 5 5 5 5 5 5 5 5 5 5 5 5 5 4 4 4 4 4 4 9 9 9 8 8 6 Protection 3 | . . 1 13 11 10 8 6 6 3 . . . . . . . . 1 5 . 5 . 5 4 4 4 4 3 4 4 4 4 4 4 4 Energy Gun 7 | . . . 13 10 . . . . . 13 17 17 17 16 16 15 14 15 8 5 9 10 10 9 9 9 8 . . . . . . . . Energy Cannon 7 | . . . 8 22 31 25 21 19 19 4 . . . . . . . . 6 10 5 5 5 4 4 4 4 8 8 9 9 9 5 4 3 Ballistic Gun 1 | . 17 14 8 . . . . . . . . . . . . . . . . . . . . . . . . . . . . . 3 4 7 Launcher 2 | . . . . . . . . . 3 1 5 5 5 5 4 4 4 5 4 5 5 2 4 1 4 4 3 1 . . . . . 1 2 Special Weapon 1 | . . . . . . . . . . 1 . . . . . . . . . . . 2 . 2 . . . 2 4 4 4 4 3 1 . Naked Turns . | . . . . . . . . . . . . . . . . . . . . . . . . . . . . . . . . . . . . Heaviest Build 146 | 8 11 17 18 21 23 36 40 40 45 51 44 44 44 45 48 54 52 89 99 107 107 102 100 105 128 128 142 146 146 138 138 138 142 145 145 Greatest Support 197 | 37 37 37 37 37 33 59 53 53 53 53 53 53 53 53 72 85 177 177 190 133 133 133 133 133 133 133 165 197 197 182 182 182 182 186 182 Greatest Overweight (x) 2 | . . . . . . . . . . 1 . . . . 2 . 1 . . 1 . . . . . . . . . . . . . . . Average Overweight (x) . | . . . . . . . . . . . . . . . . . . . . . . . . . . . . . . . . . . . . Largest Inventory Capacity 6 | 1 1 1 1 3 4 4 4 4 4 5 5 5 5 5 5 5 5 5 5 5 5 5 5 5 5 5 6 6 6 6 6 6 6 6 6 Average Capacity 4 | . 1 1 1 1 3 4 4 4 4 4 5 5 5 5 5 5 5 5 5 5 5 5 5 5 5 5 5 6 6 6 6 6 6 6 6 Most Carried 6 | . 1 1 1 3 4 4 4 3 4 5 5 5 5 5 5 5 5 5 5 5 5 5 5 5 5 5 6 6 6 6 6 6 6 6 6 Average Carried 4 | . . . 1 1 3 3 2 2 3 4 5 4 5 4 3 4 4 4 4 4 5 4 4 4 5 5 5 5 5 6 5 6 4 5 4 Final Capacity 6 | 1 1 1 1 3 4 4 4 4 4 5 5 5 5 5 5 5 5 5 5 5 5 5 5 5 5 5 6 6 6 6 6 6 6 6 6 Final Carried 6 | . 1 1 1 3 4 4 2 3 4 5 5 5 5 4 4 4 5 5 5 5 5 5 5 5 5 5 6 6 6 6 6 6 6 6 5 Class Distribution -------------------- 37% | Machinist-Scout 14% | Skirmisher 8% | Scavenger-Gunner 6% | Commander-Scout 4% | Gunner 4% | Mutant 3% | Scavenger-Assassin 3% | Scavenger-Skirmisher 3% | Assassin 3% | Scout 3% | Scavenger-Scout Dominant Class ---------------- Mutant | -10/Materials Mutant | -10/Mines Mutant | -9/Materials Commander-Tank | -9/Storage Tank | -9/Garrison Gunner | -8/Materials Scavenger-Gunner | -8/Garrison Scavenger-Gunner | -8/Materials Scavenger-Gunner | -8/Garrison Scavenger-Skirmisher | -7/Factory Skirmisher | -7/Lower Caves Skirmisher | -7/Lower Caves Skirmisher | -7/Zion Skirmisher | -6/Proximity Caves Skirmisher | -6/Factory Scout | -6/Garrison Commander-Skirmisher | -5/Factory Machinist-Scout | -5/Waste Machinist-Scout | -5/Factory Machinist-Scout | -5/Garrison Machinist-Scout | -5/Factory Machinist-Scout | -5/Garrison Machinist-Scout | -4/Factory Commander-Scout | -4/Extension Commander-Scout | -4/Cetus Commander-Scout | -4/Archives Commander-Scout | -4/Hub_04(d) Scavenger-Scout | -3/Research Machinist-Scout | -3/Testing Machinist-Scout | -2/Research Machinist-Scout | -2/Garrison Machinist-Scout | -1/Access Machinist-Scout | -1/Garrison Machinist-Scout | -1/Access Machinist-Scout | -1/Command Resources | -11 -10 -10 -9 -9 -9 -8 -8 -8 -8 -7 -7 -7 -7 -6 -6 -6 -5 -5 -5 -5 -5 -5 -4 -4 -4 -4 -4 -3 -3 -2 -2 -1 -1 -1 -1 ----------- Run | Scr Mat Min Mat Sto Gar Mat Gar Mat Gar Fac Low Low Zio Pro Fac Gar Fac Was Fac Gar Fac Gar Fac Ext Cet Arc Hub Res Tes Res Gar Acc Gar Acc Com Matter Collected 13158 | 250 105 118 . 215 20 198 30 60 63 295 67 106 . 50 141 156 276 48 363 212 . 264 151 358 55 . 294 1569 1340 136 817 50 1084 2516 1751 Remotely 6280 | . 105 118 . 215 20 198 30 60 63 110 . . . . . . . . . . . . . . . . . . . . . 30 1084 2496 1751 Salvage Created 54821 | . 120 224 . 1076 596 1031 1007 268 1323 3261 456 478 . 887 1066 1368 1322 2527 1549 1180 . 690 355 889 219 229 2318 2889 2324 476 642 350 3163 13657 6881 Parts 2163 | . 11 5 . 63 73 63 42 22 39 168 37 27 . 26 39 63 64 20 61 52 . 34 9 29 25 1 80 111 86 22 51 7 131 448 254 Haulers Intercepted 42 | . 1 . . 4 . 2 . 2 . 5 . . . . 1 . 2 . 3 . . . 2 4 . . 2 5 2 . . 1 . 6 . Recyclers Shooed 14 | . 2 . . . . . . . . 2 . . . . 1 . . . 2 . . . . 1 . . . . 1 . . . . 5 . Parts Field Recycled . | . . . . . . . . . . . . . . . . . . . . . . . . . . . . . . . . . . . . Retrieved Matter . | . . . . . . . . . . . . . . . . . . . . . . . . . . . . . . . . . . . . Parts Self-Destructed 48 | . . . . . . . . . . . 15 21 . 12 . . . . . . . . . . . . . . . . . . . . . Prevented 25 | . . . . . . . . . . . 4 7 . 14 . . . . . . . . . . . . . . . . . . . . . Kills | -11 -10 -10 -9 -9 -9 -8 -8 -8 -8 -7 -7 -7 -7 -6 -6 -6 -5 -5 -5 -5 -5 -5 -4 -4 -4 -4 -4 -3 -3 -2 -2 -1 -1 -1 -1 ------- Run | Scr Mat Min Mat Sto Gar Mat Gar Mat Gar Fac Low Low Zio Pro Fac Gar Fac Was Fac Gar Fac Gar Fac Ext Cet Arc Hub Res Tes Res Gar Acc Gar Acc Com Combat Hostiles Destroyed 813 | . 3 4 . 18 29 21 23 6 23 56 14 15 . 17 23 36 25 6 18 27 . 19 1 10 5 2 16 43 27 5 27 2 52 148 92 Melee 2 | . . . . . . . . . . . . . . . . . . . . . . . . . . . . . . . . . . 1 1 Guns 318 | . 1 2 . 9 . . . . . 44 6 9 . 8 18 24 18 6 10 4 . 10 1 2 1 1 6 . . . . . 47 63 28 Cannons 234 | . 2 2 . 9 29 15 23 6 20 6 . . . . . . . . 3 11 . 2 . 5 2 . 3 19 13 5 20 1 2 25 11 AOE 114 | . . . . . . 6 . . 3 5 6 6 . 7 4 9 4 . 2 10 . 6 . 2 . . 4 2 . . . . 1 11 26 Classes Destroyed 27 | . 3 . . 5 1 . 2 . 1 4 1 1 . . . . . 1 . . . 2 . . . . . 1 1 . . . . 3 1 Worker 56 | . . . . 3 . 3 . . . 9 . . . . 2 . 1 . 2 . . . . . . . 8 5 4 . . . . 14 5 Builder 29 | . . . . . . . . . . 3 . . . . 1 . . . . . . . . . . . . 3 1 1 . . . 20 . Tunneler 7 | . . . . . . . . . . 3 . . . . . . . . 1 . . . . . . . . 1 . . . . . 2 . Hauler 42 | . 1 . . 4 . 2 . 2 . 5 . . . . 1 . 2 . 3 . . . 2 4 . . 2 5 2 . . 1 . 6 . Recycler 27 | . 1 . . 1 . 2 . . . 9 . . . . . . . . 2 . . . . 1 . . 2 . 2 1 . . . 6 . Carrier 6 | . . . . . . . . . . . . . . . . . . . . . . . . . . . . . . . . . . 2 4 Mechanic 13 | . . . . 1 . . . . . 1 . . . . . . 3 . . . . . . . . . . . . . . . . 6 2 Operator 4 | . . . . . . . . . . 1 . . . . . . . . . . . . . . . . . . 2 . . . . 1 . Watcher 45 | . . . . 2 . 2 . 2 . 6 . . . . 2 1 2 . 5 . . . 1 . 1 . 1 4 3 2 1 . . 9 1 Swarmer 169 | . . . . 4 11 11 5 3 6 . 6 13 . 7 8 11 4 . 3 13 . 9 . 3 . . . 13 . . 10 . 27 2 . Saboteur 12 | . . . . . . . . . . . . . . . . . . . . . . . . . . . . . . . . . . 6 6 Grunt 312 | . 3 4 . 8 11 7 12 . 15 39 . . . 9 9 15 12 . 9 6 . 2 1 4 . . 4 13 12 2 8 . 8 60 39 Brawler 25 | . . . . . . . . . 1 1 . . . . 1 . . . 1 . . . . . . . 1 . 1 . 4 . 3 5 7 Duelist 27 | . . . . . 1 . 1 . . 3 . . . . 1 1 1 . 1 . . 1 . . . . . . 3 . . . 2 8 4 Protector 21 | . . . . . . . . . . . . . . . . . . . . . . 1 . . . . 1 . 1 . . . . 9 9 Researcher 6 | . . . . . . . . . . . . . . . . . . . . . . . . . . . . . 6 . . . . . . Sentry 74 | . . . . 6 6 3 3 3 1 4 . . . 1 2 8 1 . . 4 . 2 . 2 . 2 3 6 . 1 1 . 7 8 . Demolisher 7 | . . . . . . . . . . . . . . . . . . . . . . 1 . . . . 1 2 . . . . . 3 . Specialist 1 | . . . . . . . 1 . . . . . . . . . . . . . . . . . . . . . . . . . . . . Hunter 59 | . . . . . . . 1 . . 3 1 1 . . 1 . 6 . . 3 . . . 1 1 . . 6 4 . 2 2 4 18 5 Programmer 49 | . . . . . . . . . . 6 . . . . 1 . 1 . 4 . . 2 . . 2 . 3 1 6 2 . . . 12 9 Behemoth 10 | . . . . . . . . . . . . 1 . . . 1 . . . 1 . 1 . . . . . . . . 2 . 1 1 2 Compactor 6 | . . . . . . . . . . . . . . . . . . 6 . . . . . . . . . . . . . . . . . Cetus Guard 2 | . . . . . . . . . . . . . . . . . . . . . . . . . 2 . . . . . . . . . . Enhanced Grunt 4 | . . . . . . . . . . . . . . . . . . . . . . . . . . . 4 . . . . . . . . Lightning 3 | . . . . . . . . . . . . . . . . . . . . . . . . . . . 3 . . . . . . . . Investigator 3 | . . . . . . . . . . . . . . . . . . . . . . . . . . . . . 1 . . . . 1 1 Striker 10 | . . . . . . . . . . . . . . . . . . . . . . . . . . . . 2 . . . . . 4 4 Executioner 18 | . . . . . . . . . . . . . . . . . . . . . . . . . . . . . . . . . . 12 6 Alpha 7 1 | . . . . . . . . . . . . . . . . . . . . . . . . . . . . . . . . . . . 1 Thug 2 | . . . . . . . . . . . 1 . . . . . . . . . . . . 1 . . . . . . . . . . . Savage 1 | . . . . . . . . . . . . . . . . . . . . . . . . . . . 1 . . . . . . . . Butcher 5 | . . . . . . . . . . . 5 . . . . . . . . . . . . . . . . . . . . . . . . Guerrilla 2 | . . . . . . . . . . . . . . . . . . . . . . . . . . . 2 . . . . . . . . Mutant 1 | . . . . . . . . . . . 1 . . . . . . . . . . . . . . . . . . . . . . . . Best Kill Streak 51 | . 3 2 . 12 9 8 5 3 9 7 7 7 . 4 8 7 4 5 9 8 . 5 1 3 3 2 14 12 12 3 8 3 16 51 28 Combat Bots Only 30 | . 3 2 . 6 9 7 5 3 9 4 7 7 . 4 4 7 4 5 6 8 . 5 1 3 3 2 5 12 6 2 8 2 16 30 26 Max Kills in Single Turn 5 | . 1 1 . 2 2 2 2 2 3 3 3 2 . 3 3 3 2 1 2 3 . 2 1 2 1 1 5 2 2 1 2 1 2 3 4 Gunslinging 1 | . . . . . . . . . . . . . . . 1 1 . . . . . 1 . . . . . . . . . . . . 1 Exploded 4 | . . . . . . 2 . . 3 2 3 2 . 3 3 2 2 . 1 3 . 2 . 2 . . 2 1 . . . . 1 2 4 Melee 1 | . . . . . . . . . . . . . . . . . . . . . . . . . . . . . . . . . . 1 1 Uniques/NPCs Destroyed . | . . . . . . . . . . . . . . . . . . . . . . . . . . . . . . . . . . . . Combat | -11 -10 -10 -9 -9 -9 -8 -8 -8 -8 -7 -7 -7 -7 -6 -6 -6 -5 -5 -5 -5 -5 -5 -4 -4 -4 -4 -4 -3 -3 -2 -2 -1 -1 -1 -1 -------- Run | Scr Mat Min Mat Sto Gar Mat Gar Mat Gar Fac Low Low Zio Pro Fac Gar Fac Was Fac Gar Fac Gar Fac Ext Cet Arc Hub Res Tes Res Gar Acc Gar Acc Com Damage Taken 24894 | . 100 245 . 405 620 529 1205 86 632 1317 166 589 . 221 595 608 717 . 920 862 . 581 82 474 353 12 638 1355 517 34 1196 . 1529 4558 3748 Core 15755 | . 82 194 . 293 433 371 808 50 449 1030 129 463 . 166 466 454 566 . 448 683 . 466 50 265 208 4 324 754 255 20 662 . 873 2594 2195 Absorbed by Shields 12433 | . . . . . . . 19 . 60 530 63 221 . 85 223 467 274 . 44 749 . 342 . 139 123 4 232 482 64 . 1089 . 1289 2946 2988 Redirected to Core 14024 | . 62 174 . 253 365 305 710 50 383 850 121 402 . 155 400 404 483 . 384 579 . 381 50 265 208 4 312 716 212 18 611 . 805 2256 2106 Core Remaining (%) 98 | 100 . 86 . . 100 . . . 98 . . . . 100 . 100 . . . . . 100 . . . . 99 . 100 . 100 . . . 96 Volleys Fired 2445 | . 14 15 4 48 53 49 61 12 47 179 20 35 . 23 61 79 62 36 76 58 1 64 14 96 13 5 60 131 140 24 113 4 162 436 250 Largest 4 | . 2 2 3 3 3 3 3 3 3 3 3 3 . 3 4 4 3 3 3 3 1 3 3 3 3 3 4 1 1 1 1 1 2 2 4 Hottest 352 | . 55 55 168 204 204 204 204 204 204 204 115 115 . 115 180 352 166 206 269 269 90 252 252 252 252 252 298 105 105 70 70 70 100 120 220 Shots Fired 4392 | . 28 30 10 138 159 135 182 36 139 494 36 80 . 49 173 215 152 106 177 133 1 123 30 170 29 15 160 133 141 24 113 4 177 459 341 Gun 2260 | . 14 15 8 51 . . . . . 390 27 71 . 41 170 207 139 106 105 39 . 79 16 78 16 10 90 . . . . . 144 209 235 Cannon 1882 | . 14 15 2 84 159 129 182 36 138 96 . . . . . . . . 64 82 1 26 14 48 8 5 44 124 141 24 112 4 33 225 72 Launcher 173 | . . . . 3 . 6 . . 1 2 9 9 . 8 3 8 12 . 8 12 . 11 . 3 5 . 26 . . . . . . 23 24 Special 77 | . . . . . . . . . . 6 . . . . . . 1 . . . . 7 . 41 . . . 9 . . 1 . . 2 10 Kinetic 634 | . 28 30 2 . . . . . . . . . . . . . . . . . . . . . . . . . . . . . 144 195 235 Thermal 2942 | . . . 8 135 159 129 182 36 138 486 27 71 . 41 170 207 139 106 169 121 1 105 30 126 24 15 134 14 44 6 38 . 16 52 13 Explosive 12 | . . . . 3 . 6 . . 1 2 . . . . . . . . . . . . . . . . . . . . . . . . . Electromagnetic 727 | . . . . . . . . . . . 9 9 . 8 3 8 12 . 8 12 . 11 . 3 5 . 26 110 97 18 74 4 17 210 83 Robot Hit Streak 79 | . 13 5 8 16 11 18 25 11 44 42 21 28 . 19 42 79 26 27 21 40 . 37 35 42 10 16 17 21 30 16 32 5 51 57 78 Robot Miss Streak 6 | . 2 2 . 3 2 4 1 2 2 3 2 3 . 2 6 2 2 1 4 2 . 2 . 1 2 . 3 2 2 1 1 . 3 3 4 Penetration Max 4 | . . . . . . . . . . . . . . . . . . . . . . . . . . . . 1 1 . 1 1 2 4 4 Secondary Targets 24 | . . . . . . . . . . 4 2 1 . 1 1 4 2 1 2 . . 2 . . . . . . . . . . . . 4 Max Gunslinging Chain 1 | . . . . . . . . . . 1 1 1 . 1 1 1 1 1 1 . . 1 . . . . . . . . . . . . 1 Shots Hit Robots 3165 | . 22 20 4 75 57 80 95 21 89 347 31 62 . 39 135 152 110 90 101 94 . 90 20 141 20 14 108 107 112 22 96 4 168 344 295 Core Hits 2522 | . 7 9 1 32 30 40 34 12 43 227 35 32 . 36 112 130 68 21 51 56 . 35 8 43 17 3 93 48 43 9 51 3 184 565 444 Critical Hits 770 | . . . . 6 10 13 17 2 11 8 . . . . . . . . 1 2 . 1 2 . . 1 1 18 23 4 23 1 163 303 160 Critical Kills 219 | . . . . 1 7 7 6 1 6 2 . . . . . . . . 1 1 . . . . . . . 10 7 2 5 1 45 97 20 Critical Parts Destroyed 314 | . . . . 5 3 5 11 1 5 6 . . . . . . . . . 1 . 1 2 . . 1 1 6 15 2 12 . 46 136 55 Melee Attacks 9 | . . . . . . . 2 . . 3 . . . . 1 . . . . . . . . . . . . . . . . . . 3 . Impact 7 | . . . . . . . . . . 3 . . . . 1 . . . . . . . . . . . . . . . . . . 3 . Slashing . | . . . . . . . . . . . . . . . . . . . . . . . . . . . . . . . . . . . . Piercing . | . . . . . . . . . . . . . . . . . . . . . . . . . . . . . . . . . . . . Sneak Attacks 2 | . . . . . . . 2 . . . . . . . . . . . . . . . . . . . . . . . . . . . . Combat Hostiles . | . . . . . . . . . . . . . . . . . . . . . . . . . . . . . . . . . . . . Follow-up Attacks . | . . . . . . . . . . . . . . . . . . . . . . . . . . . . . . . . . . . . Damage Inflicted 117904 | . 303 303 70 1463 1151 2108 1959 451 2131 7976 1140 1507 . 1294 3341 4395 3848 2613 4056 4224 . 2707 569 3343 1272 406 6658 6381 5992 1154 4475 331 3565 20531 16187 Guns 39510 | . 138 161 20 664 . . . . . 5720 509 1034 . 609 3004 3400 2652 2613 1829 808 . 1531 376 1845 349 245 1866 . . . . . 2149 3036 4952 Cannons 50170 | . 165 142 50 799 1151 1535 1956 451 1867 1353 . . . . . . . . 1030 1942 . 679 193 1246 210 161 1181 5866 5992 1154 4428 331 1312 11764 3212 Explosions 28150 | . . . . . . 573 . . 264 880 631 473 . 685 337 995 1195 . 1197 1474 . 497 . 252 713 . 3611 515 . . . . 104 5731 8023 Melee 23 | . . . . . . . . . . 23 . . . . . . . . . . . . . . . . . . . . . . . . . Ramming 51 | . . . . . . . 3 . . . . . . . . . 1 . . . . . . . . . . . . . 47 . . . . Kinetic 10763 | . 303 303 20 . . . . . . . . . . . . . . . . . . . . . . . . . . . . . 2149 3036 4952 Thermal 57792 | . . . 50 1463 1151 1535 1956 451 1867 7073 509 1091 . 609 3084 3473 2975 2613 3079 2871 . 2282 569 3091 713 406 4148 637 1620 281 1448 . 855 2007 3885 Explosive 2265 | . . . . . . 573 . . 264 657 . . . . . 342 . . 155 . . . . . . . . 53 . . . . . . 221 Electromagnetic 47010 | . . . . . . . . . . 223 631 416 . 685 257 580 872 . 822 1353 . 425 . 252 559 . 2510 5691 4372 873 2980 331 561 15488 7129 Impact 23 | . . . . . . . . . . 23 . . . . . . . . . . . . . . . . . . . . . . . . . Slashing . | . . . . . . . . . . . . . . . . . . . . . . . . . . . . . . . . . . . . Piercing . | . . . . . . . . . . . . . . . . . . . . . . . . . . . . . . . . . . . . Highest Corruption 25 | . . . . 1 1 . . . . 3 3 3 3 . 1 1 7 22 22 24 24 25 . . . . 7 7 10 . . . . 2 2 Average Corruption 5 | . . . . 1 1 . . . . 1 3 3 3 . 1 1 5 17 22 22 24 24 . . . . 2 4 6 . . . . 1 2 Corruption Purged 10 | . . . . . . . . . . . . . . . . . . . . . . . . . . . . 4 6 . . . . . . Effects 522 | . . . . 1 5 . . . . 29 19 15 1 . 5 8 35 35 106 52 10 90 . . . . 9 30 44 . . . . 12 16 Message Errors 75 | . . . . . 1 . . . . 12 1 6 . . 2 1 7 2 12 4 1 6 . . . . 3 6 4 . . . . 3 4 Matter Fused 59 | . . . . . . . . . . 1 8 1 . . . . 9 2 6 6 2 10 . . . . 2 6 6 . . . . . . Heat Flow Errors 27 | . . . . . . . . . . 2 2 . . . . . 1 2 3 . . 2 . . . . . 3 6 . . . . 5 1 Energy Discharges 56 | . . . . . 1 . . . . 7 4 2 . . 1 1 4 1 6 2 . 9 . . . . . 5 7 . . . . 2 4 Parts Rejected 1 | . . . . . . . . . . . . . . . . . . . 1 . . . . . . . . . . . . . . . . Data Loss (minor) 26 | . . . . . 1 . . . . 1 2 2 1 . . 1 2 . 2 2 . 5 . . . . . 2 2 . . . . . 3 Data Loss (major) 11 | . . . . . . . . . . . . . . . . . 1 1 1 2 . 3 . . . . . 1 2 . . . . . . Misfires 9 | . . . . . . . . . . . . . . . . . 1 1 1 . . 1 . . . . . 3 2 . . . . . . Alerts 2 | . . . . . . . . . . . . . . . . . . . . . 1 1 . . . . . . . . . . . . . Misdirections 62 | . . . . . . . . . . . . . . . . . . 3 26 10 5 18 . . . . . . . . . . . . . Targeting Errors 159 | . . . . 1 2 . . . . 6 . 3 . . 2 2 6 20 41 19 1 29 . . . . 4 3 14 . . . . 2 4 Weapon Failures 35 | . . . . . . . . . . . 2 1 . . . 3 4 3 7 7 . 6 . . . . . 1 1 . . . . . . Overload Shots 28 | . . . . . . . . . . 4 . . . . 2 3 . 19 . . . . . . . . . . . . . . . . . Overflow Damage 2663 | . . . . 1 . 57 3 . 18 31 . 10 . . 5 9 24 . 231 91 . 18 . . . . 190 568 394 176 68 5 . 617 147 Projectiles 1827 | . . . . 1 . . 3 . 18 6 . . . . . . . . 123 41 . 18 . . . . 34 518 394 176 68 5 . 421 1 Explosions 836 | . . . . . . 57 . . . 25 . 10 . . 5 9 24 . 108 50 . . . . . . 156 50 . . . . . 196 146 Melee . | . . . . . . . . . . . . . . . . . . . . . . . . . . . . . . . . . . . . Knockbacks 5 | . 4 . . . . . . . . . . . . . . . . . . . . . . . . . . . . . 1 . . . . Impact 1 | . . . . . . . . . . . . . . . . . . . . . . . . . . . . . . . 1 . . . . Kinetic 4 | . 4 . . . . . . . . . . . . . . . . . . . . . . . . . . . . . . . . . . Secondary . | . . . . . . . . . . . . . . . . . . . . . . . . . . . . . . . . . . . . Self-Inflicted Damage 600 | . . . . 34 . . 1 . . 60 56 42 . . . . 21 . . 74 . . . . . . 102 . . . 23 . 39 148 . Shots 26 | . . . . 1 . . . . . 3 3 2 . . . . 2 . . 5 . . . . . . 6 . . . . . 1 3 . Rammed 3 | . . . . . . . 1 . . . . . . . . . 1 . . . . . . . . . . . . . 1 . . . . Targets Rammed 3 | . . . . . . . 1 . . . . . . . . . 1 . . . . . . . . . . . . . 1 . . . . Kicked . | . . . . . . . . . . . . . . . . . . . . . . . . . . . . . . . . . . . . Crushed . | . . . . . . . . . . . . . . . . . . . . . . . . . . . . . . . . . . . . Highest Temperature 408 | . . . 12 30 66 84 204 30 196 156 196 . . . 68 311 121 336 408 80 . 86 . 3 . . 27 85 220 . . . . 248 36 Average Temperature 43 | . . . 7 8 12 20 34 12 49 21 87 . . . 31 46 30 111 72 35 . 31 . 3 . . 12 56 88 . . . . 88 36 Received Heat Transfer 4250 | . 60 147 . 105 198 144 494 36 396 512 12 36 . 59 116 200 111 . 84 156 . 54 18 112 30 . 101 100 75 9 243 . 50 359 233 Effects 9 | . . . . . . . 3 . . . . . . . . 1 . 1 4 . . . . . . . . . . . . . . . . Energy Bleed 1 | . . . . . . . . . . . . . . . . . . 1 . . . . . . . . . . . . . . . . . Interference 6 | . . . . . . . 3 . . . . . . . . . . . 3 . . . . . . . . . . . . . . . . Matter Decay 1 | . . . . . . . . . . . . . . . . . . . 1 . . . . . . . . . . . . . . . . Short Circuit 1 | . . . . . . . . . . . . . . . . 1 . . . . . . . . . . . . . . . . . . . Siege Activations . | . . . . . . . . . . . . . . . . . . . . . . . . . . . . . . . . . . . . Robots Corrupted 166 | . . . . . . . . . . . 2 . . 2 . 2 2 . 2 2 . . . 1 2 . 10 28 20 2 7 1 2 54 27 Combat Hostiles 138 | . . . . . . . . . . . 2 . . 2 . 2 2 . 2 2 . . . 1 2 . 3 22 14 . 7 1 2 48 26 Parts Fried 375 | . . . . . . . . . . . 1 3 . 3 . 1 5 . 6 1 . 4 . 2 1 . 22 40 53 11 14 1 . 138 69 Impact Corruptions . | . . . . . . . . . . . . . . . . . . . . . . . . . . . . . . . . . . . . Robots Melted 8 | . . . . . . . . . . 1 . . . . 1 1 2 . 1 . . 1 . . . 1 . . . . . . . . . Combat Hostiles 7 | . . . . . . . . . . 1 . . . . 1 1 1 . 1 . . 1 . . . 1 . . . . . . . . . Parts Melted 137 | . . . . 5 4 7 10 1 5 28 1 4 . 2 4 9 19 . 8 2 . 2 . 10 . 2 5 . 3 2 1 . . 3 . Heat Transferred 74021 | . . . 74 2886 2072 2775 3515 814 3367 11331 811 1725 . 1008 4443 4556 4293 3823 3716 2893 . 2455 680 3507 706 470 4511 362 1258 185 1128 . 376 1615 2666 Parts Sabotaged 6 | . . . . . . . . . . . . . . . . . . . . . . . . . . . . . . . . . . 3 3 Parts Stolen . | . . . . . . . . . . . . . . . . . . . . . . . . . . . . . . . . . . . . Parts Stripped . | . . . . . . . . . . . . . . . . . . . . . . . . . . . . . . . . . . . . Power Chain Reactions 74 | . . . . . . . . . . . . 1 . . 1 1 3 . 1 2 . 4 . 1 1 . 16 2 . . . . 1 17 23 Missiles Intercepted . | . . . . . . . . . . . . . . . . . . . . . . . . . . . . . . . . . . . . Alert | -11 -10 -10 -9 -9 -9 -8 -8 -8 -8 -7 -7 -7 -7 -6 -6 -6 -5 -5 -5 -5 -5 -5 -4 -4 -4 -4 -4 -3 -3 -2 -2 -1 -1 -1 -1 ------- Run | Scr Mat Min Mat Sto Gar Mat Gar Mat Gar Fac Low Low Zio Pro Fac Gar Fac Was Fac Gar Fac Gar Fac Ext Cet Arc Hub Res Tes Res Gar Acc Gar Acc Com Peak Influence 5562 | . 105 170 66 320 1152 880 1270 850 1118 1863 . . . . 921 1584 1369 481 1046 1039 547 908 632 669 675 386 1837 1310 519 516 1540 980 1879 5562 4038 Initial 3559 | . . 40 66 27 192 561 572 618 328 586 . . . . 107 604 831 479 336 364 545 382 476 40 301 270 135 918 311 246 387 924 784 1127 3559 Average 1125 | . 20 139 66 186 762 632 919 607 886 890 . . . . 569 1191 1003 480 497 729 545 752 481 237 547 359 985 636 332 331 1195 951 1356 3415 3069 Maximum Alert Level 5 | . . . . 1 4 3 4 3 4 5 . . . . 3 4 4 2 3 3 2 3 2 2 2 1 5 4 2 2 4 3 5 5 5 Low Security (%) 8 | 100 100 100 100 54 6 . . . . . . . . . 14 . . . 4 . . . 4 60 . . 10 7 11 . . . . . . Level 1 10 | . . . . 45 4 . . 11 4 . . . . . 21 . . . 29 8 . 5 28 4 12 100 28 23 58 86 1 . . . . Level 2 26 | . . . . . 22 71 20 47 17 51 . . . . 17 14 . 100 56 42 100 32 67 35 87 . 7 39 29 13 11 . . . . Level 3 21 | . . . . . 55 28 57 40 41 16 . . . . 46 21 77 . 10 49 . 62 . . . . 3 15 . . 11 100 28 . . Level 4 16 | . . . . . 10 . 22 . 36 22 . . . . . 64 22 . . . . . . . . . 15 13 . . 75 . 46 24 . Level 5 6 | . . . . . . . . . . 9 . . . . . . . . . . . . . . . . 34 . . . . . 25 . 63 High Security 9 | . . . . . . . . . . . . . . . . . . . . . . . . . . . . . . . . . . 75 36 Max Security . | . . . . . . . . . . . . . . . . . . . . . . . . . . . . . . . . . . . . Sterilizations 1 | . . . . . . . . . . . . . . . . . . . . . . . . . . . . . . . . . . 1 . Squads Dispatched 136 | . 1 . . 1 . 2 . 2 . 19 . . . . 10 . 7 . 10 . . . 2 3 . . 6 12 10 2 . 1 . 28 20 Investigation 24 | . . . . . . . . 1 . 9 . . . . 2 . 1 . 2 . . . 2 . . . 2 4 1 . . . . . . Extermination 12 | . . . . . . . . . . 4 . . . . 1 . 1 . 2 . . . . . . . 1 . 2 . . . . . 1 Reinforcement 34 | . 1 . . 1 . . . . . 4 . . . . 1 . 2 . . . . . . 3 . . 1 8 4 2 . 1 . 5 1 Assault 53 | . . . . . . . . 1 . 2 . . . . . . 3 . 1 . . . . . . . 2 . 3 . . . . 23 18 Garrison 13 | . . . . . . 2 . . . . . . . . 6 . . . 5 . . . . . . . . . . . . . . . . Intercept . | . . . . . . . . . . . . . . . . . . . . . . . . . . . . . . . . . . . . Construction Impeded 10 | . . . . . . . . . . 3 . . . . . . 1 . . . . . . 1 . . . 1 . . . . . 4 . Haulers Reinforced 11 | . . . . . . . . . . 1 . . . . 1 . 1 . . . . . . . . . . 5 1 1 . . . 1 . Stealth | -11 -10 -10 -9 -9 -9 -8 -8 -8 -8 -7 -7 -7 -7 -6 -6 -6 -5 -5 -5 -5 -5 -5 -4 -4 -4 -4 -4 -3 -3 -2 -2 -1 -1 -1 -1 --------- Run | Scr Mat Min Mat Sto Gar Mat Gar Mat Gar Fac Low Low Zio Pro Fac Gar Fac Was Fac Gar Fac Gar Fac Ext Cet Arc Hub Res Tes Res Gar Acc Gar Acc Com Distress Signals 34 | . 1 . . 2 . . . 1 . . . . . . . . 2 . 1 . . . . 5 2 . 2 12 1 1 . . . 2 2 Communications Jammed . | . . . . . . . . . . . . . . . . . . . . . . . . . . . . . . . . . . . . Distress Signals . | . . . . . . . . . . . . . . . . . . . . . . . . . . . . . . . . . . . . Times Spotted 1165 | . 14 4 1 28 33 32 25 16 27 76 16 16 . 18 27 41 52 6 31 33 . 26 6 35 14 4 49 49 36 9 44 3 61 215 118 Peak Tracking Total 21 | . 7 2 1 4 4 6 10 6 7 4 7 7 . 4 5 8 5 2 6 5 . 7 3 8 5 3 10 11 7 3 4 2 8 21 15 Tactical Retreats 77 | . 2 . . 2 3 2 1 . 3 8 1 . . 1 . 3 2 . 3 4 . 4 . 2 . . 2 5 6 . 5 . 7 8 3 Traps | -11 -10 -10 -9 -9 -9 -8 -8 -8 -8 -7 -7 -7 -7 -6 -6 -6 -5 -5 -5 -5 -5 -5 -4 -4 -4 -4 -4 -3 -3 -2 -2 -1 -1 -1 -1 ------- Run | Scr Mat Min Mat Sto Gar Mat Gar Mat Gar Fac Low Low Zio Pro Fac Gar Fac Was Fac Gar Fac Gar Fac Ext Cet Arc Hub Res Tes Res Gar Acc Gar Acc Com Traps Triggered 87 | . . . . 1 9 . 4 1 4 1 . . . . 1 3 2 . 4 7 . 13 2 2 . . . 1 . 1 4 . 7 5 15 Indirectly 21 | . . . . . . . . . . . . . . . . . . . 1 2 . 4 . . . . . . . . . . . 3 11 Trap Hack Attempts . | . . . . . . . . . . . . . . . . . . . . . . . . . . . . . . . . . . . . Triggered . | . . . . . . . . . . . . . . . . . . . . . . . . . . . . . . . . . . . . Disarmed . | . . . . . . . . . . . . . . . . . . . . . . . . . . . . . . . . . . . . Reprogrammed . | . . . . . . . . . . . . . . . . . . . . . . . . . . . . . . . . . . . . Reused . | . . . . . . . . . . . . . . . . . . . . . . . . . . . . . . . . . . . . Traps Extracted . | . . . . . . . . . . . . . . . . . . . . . . . . . . . . . . . . . . . . Installed . | . . . . . . . . . . . . . . . . . . . . . . . . . . . . . . . . . . . . Triggered 11 | . . . . . . . . . . 1 . 1 . . . . . . . 1 . 1 . . . . . . . . . . . 2 5 Machines | -11 -10 -10 -9 -9 -9 -8 -8 -8 -8 -7 -7 -7 -7 -6 -6 -6 -5 -5 -5 -5 -5 -5 -4 -4 -4 -4 -4 -3 -3 -2 -2 -1 -1 -1 -1 ---------- Run | Scr Mat Min Mat Sto Gar Mat Gar Mat Gar Fac Low Low Zio Pro Fac Gar Fac Was Fac Gar Fac Gar Fac Ext Cet Arc Hub Res Tes Res Gar Acc Gar Acc Com Machines Disabled 163 | . . . . 6 4 3 5 1 4 30 . . . . 6 6 4 . 12 8 . 5 1 5 2 1 18 6 7 . 12 . 4 8 5 Max in Single Turn 15 | . . . . 1 1 1 1 1 1 5 . . . . 5 2 1 . 3 2 . 1 1 1 . . 15 2 1 . 1 . 1 1 2 Garrison Access 8 | . . . . . . . . . . 3 . . . . . . 1 . . . . . 2 . . . 1 1 . . . . . . . Garrison Relay 34 | . . . . . 4 . 5 . 4 . . . . . . 4 . . . 4 . 4 . . . . . . . . 5 . 4 . . Phase Generator 2 | . . . . . . . . . . . . . . . . 1 . . . . . . . . . . . . . . . . . . 1 Network Hub 1 | . . . . . . . . . . . . . . . . . . . . . . . . . . . 1 . . . . . . . . Machines Sabotaged . | . . . . . . . . . . . . . . . . . . . . . . . . . . . . . . . . . . . . Garrisons Compromised . | . . . . . . . . . . . . . . . . . . . . . . . . . . . . . . . . . . . . Overloaded Fab Kills . | . . . . . . . . . . . . . . . . . . . . . . . . . . . . . . . . . . . . Fab Network Shutdowns 4 | . . . . . . . . . . 1 . . . . 1 . 1 . 1 . . . . . . . . . . . . . . . . Hacking | -11 -10 -10 -9 -9 -9 -8 -8 -8 -8 -7 -7 -7 -7 -6 -6 -6 -5 -5 -5 -5 -5 -5 -4 -4 -4 -4 -4 -3 -3 -2 -2 -1 -1 -1 -1 --------- Run | Scr Mat Min Mat Sto Gar Mat Gar Mat Gar Fac Low Low Zio Pro Fac Gar Fac Was Fac Gar Fac Gar Fac Ext Cet Arc Hub Res Tes Res Gar Acc Gar Acc Com Machines Accessed 128 | . 1 1 . 14 . 8 . 6 . 19 . . 1 . 10 . 4 . 11 . 1 . 9 11 1 1 6 8 7 2 . 3 . . 4 Terminals 87 | . 1 . . 13 . 7 . 5 . 9 . . . . 5 . 1 . 7 . . . 6 11 1 . 5 4 6 1 . 1 . . 4 Fabricators 13 | . . . . . . . . . . 3 . . . . 3 . 2 . 2 . . . . . . . . 2 1 . . . . . . Repair Stations . | . . . . . . . . . . . . . . . . . . . . . . . . . . . . . . . . . . . . Recycling Units 3 | . . . . . . . . . . 3 . . . . . . . . . . . . . . . . . . . . . . . . . Scanalyzers 3 | . . . . . . . . . . 1 . . . . 1 . . . . . . . 1 . . . . . . . . . . . . Garrison Access 19 | . . . . 1 . 1 . 1 . 3 . . . . 1 . 1 . 2 . 1 . 2 . . . 1 2 . 1 . 2 . . . Total Hacks 376 | . 5 1 . 37 . 25 . 20 . 52 . . 2 . 27 . 16 . 38 . 2 . 23 34 2 3 16 26 18 12 . 3 . . 14 Successful 202 | . 1 1 . 25 . 9 . 10 . 32 . . 2 . 15 . 8 . 21 . 1 . 15 21 1 3 5 11 9 6 . 2 . . 4 Failed 174 | . 4 . . 12 . 16 . 10 . 20 . . . . 12 . 8 . 17 . 1 . 8 13 1 . 11 15 9 6 . 1 . . 10 Catastrophic 26 | . . . . . . 4 . 2 . 2 . . . . 2 . . . 2 . 1 . 2 2 . . 1 1 1 2 . . . . 4 Database Lockouts . | . . . . . . . . . . . . . . . . . . . . . . . . . . . . . . . . . . . . Manual 166 | . 3 . . 22 . 13 . 13 . 20 . . . . 11 . 5 . 16 . 1 . 10 16 1 1 5 11 5 4 . . . . 9 Terminals 267 | . 5 . . 34 . 23 . 17 . 26 . . . . 15 . 3 . 23 . . . 19 34 2 . 14 15 14 8 . 1 . . 14 Fabricators 52 | . . . . . . . . . . 12 . . . . 9 . 11 . 10 . . . . . . . . 6 4 . . . . . . Repair Stations . | . . . . . . . . . . . . . . . . . . . . . . . . . . . . . . . . . . . . Recycling Units 8 | . . . . . . . . . . 8 . . . . . . . . . . . . . . . . . . . . . . . . . Scanalyzers 6 | . . . . . . . . . . 3 . . . . 1 . . . . . . . 2 . . . . . . . . . . . . Garrison Access 37 | . . . . 3 . 2 . 3 . 3 . . . . 2 . 2 . 5 . 2 . 2 . . . 2 5 . 4 . 2 . . . Terminal Hacks 92 | . 1 1 . 12 . 6 . 4 . 9 . . 2 . 5 . 1 . 9 . . . 11 11 1 3 3 2 6 4 . . . . 1 Record 3 | . . . . . . . . . . . . . . . . . . . . . . . . . . 3 . . . . . . . . . Part Schematic 10 | . . . . . . . . . . 3 . . 2 . 2 . . . 1 . . . 1 1 . . . . . . . . . . . Prototype ID Bank 6 | . . . . 2 . . . . . . . . . . 1 . . . . . . . 2 . . . . . 1 . . . . . . Open Door 11 | . . 1 . 2 . . . . . . . . . . . . . . . . . . . 7 1 . . . . . . . . . . Branch Access Points 3 | . 1 . . . . 1 . . . . . . . . . . . . . . . . 1 . . . . . . . . . . . . Emergency Access Points 1 | . . . . . . . . . . . . . . . . . . . . . . . . . . . 1 . . . . . . . . Terminal Index 4 | . . . . . . . . 1 . . . . . . . . . . 1 . . . 1 . . . . . . . . . . . 1 Garrison Index 2 | . . . . 1 . 1 . . . . . . . . . . . . . . . . . . . . . . . . . . . . . Alert Level 3 | . . . . 2 . . . . . . . . . . . . . . . . . . 1 . . . . . . . . . . . . Unreport Threat 25 | . . . . 3 . 2 . 3 . 2 . . . . 1 . 1 . 4 . . . 4 2 . . 1 . 2 . . . . . . Locate Traps 7 | . . . . . . 1 . . . 3 . . . . . . . . 1 . . . 1 . . . . 1 . . . . . . . Security Status 1 | . . . . . . . . . . . . . . . . . . . . . . . . . . . . . . 1 . . . . . Patrol Status 1 | . . . . . . . . . . . . . . . . . . . . . . . . . . . . . . 1 . . . . . Recall Reinforcements 1 | . . . . . . . . . . . . . . . . . . . . . . . . . . . . . . 1 . . . . . Hauler Manifests 3 | . . . . 1 . . . . . . . . . . . . . . 2 . . . . . . . . . . . . . . . . Registered Components 4 | . . . . . . . . . . 1 . . . . 1 . . . . . . . . 1 . . . 1 . . . . . . . Zone Layout 4 | . . . . 1 . 1 . . . . . . . . . . . . . . . . . . . . 1 . . 1 . . . . . Protovariant Controls 3 | . . . . . . . . . . . . . . . . . . . . . . . . . . . . . 3 . . . . . . Fabricator Hacks 24 | . . . . . . . . . . 7 . . . . 6 . 4 . 3 . . . . . . . . 2 2 . . . . . . Load Schematic 10 | . . . . . . . . . . 2 . . . . 3 . 1 . 2 . . . . . . . . 1 1 . . . . . . Build 14 | . . . . . . . . . . 5 . . . . 3 . 3 . 1 . . . . . . . . 1 1 . . . . . . Repair Station Hacks . | . . . . . . . . . . . . . . . . . . . . . . . . . . . . . . . . . . . . Recycling Unit Hacks 2 | . . . . . . . . . . 2 . . . . . . . . . . . . . . . . . . . . . . . . . Retrieve Components 2 | . . . . . . . . . . 2 . . . . . . . . . . . . . . . . . . . . . . . . . Scanalyzer 4 | . . . . . . . . . . 2 . . . . . . . . . . . . 2 . . . . . . . . . . . . Insert Component 2 | . . . . . . . . . . 1 . . . . . . . . . . . . 1 . . . . . . . . . . . . Analyze 2 | . . . . . . . . . . 1 . . . . . . . . . . . . 1 . . . . . . . . . . . . Garrison Access Hacks 20 | . . . . 1 . 1 . 2 . 3 . . . . 1 . 1 . 2 . 1 . 2 . . . 1 2 . 1 . 2 . . . Unlock Access 12 | . . . . 1 . 1 . 1 . . . . . . 1 . . . 2 . 1 . . . . . 1 1 . 1 . 2 . . . Seal Access 7 | . . . . . . . . . . 3 . . . . . . 1 . . . . . 2 . . . . 1 . . . . . . . Coupler Status 1 | . . . . . . . . 1 . . . . . . . . . . . . . . . . . . . . . . . . . . . Unauthorized Hacks 60 | . . . . 12 . 2 . 4 . 9 . . . . 3 . 2 . 7 . . . . 10 . . 1 5 1 1 . . . . 3 Terminals 41 | . . . . 12 . 1 . 3 . 4 . . . . 1 . . . 3 . . . . 10 . . 1 2 1 . . . . . 3 Track 11 | . . . . 3 . . . . . 1 . . . . . . . . 1 . . . . 4 . . 1 1 . . . . . . . Botnet 26 | . . . . 7 . 1 . 3 . 3 . . . . 1 . . . 2 . . . . 5 . . . 1 1 . . . . . 2 Disrupt 3 | . . . . 2 . . . . . . . . . . . . . . . . . . . 1 . . . . . . . . . . . Operators 1 | . . . . . . . . . . . . . . . . . . . . . . . . . . . . . . . . . . . 1 Fabricators 7 | . . . . . . . . . . 2 . . . . 1 . 2 . 2 . . . . . . . . . . . . . . . . Prioritize 3 | . . . . . . . . . . . . . . . 1 . 1 . 1 . . . . . . . . . . . . . . . . Haulers 2 | . . . . . . . . . . 1 . . . . . . . . 1 . . . . . . . . . . . . . . . . Download 2 | . . . . . . . . . . 1 . . . . . . 1 . . . . . . . . . . . . . . . . . . Repair Stations . | . . . . . . . . . . . . . . . . . . . . . . . . . . . . . . . . . . . . Recycling Units 2 | . . . . . . . . . . 2 . . . . . . . . . . . . . . . . . . . . . . . . . Tunnel 2 | . . . . . . . . . . 2 . . . . . . . . . . . . . . . . . . . . . . . . . Scanalyzers 2 | . . . . . . . . . . 1 . . . . 1 . . . . . . . . . . . . . . . . . . . . Extract 2 | . . . . . . . . . . 1 . . . . 1 . . . . . . . . . . . . . . . . . . . . Garrison Access 8 | . . . . . . 1 . 1 . . . . . . . . . . 2 . . . . . . . . 3 . 1 . . . . . Reprogram 6 | . . . . . . 1 . 1 . . . . . . . . . . 2 . . . . . . . . 1 . 1 . . . . . Intercept 1 | . . . . . . . . . . . . . . . . . . . . . . . . . . . . 1 . . . . . . . Watchers 1 | . . . . . . . . . . . . . . . . . . . . . . . . . . . . 1 . . . . . . . Data Cores Recovered 2 | . . . . . . . . . . . . . . . . . . . . . . . . . . . . . 2 . . . . . . Used 1 | . . . . . . . . . . . . . . . . . . . . . . . . . . . . . 1 . . . . . . Hacking Detections 97 | . 1 . . 10 . 8 . 6 . 11 . . . . 7 . 4 . 9 . 1 . 7 8 . . 6 7 5 . . 3 . . 4 Full Trace Events 12 | . . . . . . . . . . 5 . . . . 1 . . . 2 . . . 2 . . . 2 . . . . . . . . Feedback Events 3 | . . . . . . . . . . 1 . . . . 1 . . . . . . . . . . . 1 . . . . . . . . Corruption 3 | . . . . . . . . . . 1 . . . . 1 . . . . . . . . . . . 1 . . . . . . . . Feedback Blocked . | . . . . . . . . . . . . . . . . . . . . . . . . . . . . . . . . . . . . Robot Schematics Acquired . | . . . . . . . . . . . . . . . . . . . . . . . . . . . . . . . . . . . . Robots Built . | . . . . . . . . . . . . . . . . . . . . . . . . . . . . . . . . . . . . Matter . | . . . . . . . . . . . . . . . . . . . . . . . . . . . . . . . . . . . . Time . | . . . . . . . . . . . . . . . . . . . . . . . . . . . . . . . . . . . . Total Robot Build Rating . | . . . . . . . . . . . . . . . . . . . . . . . . . . . . . . . . . . . . Part Schematics Acquired 20 | . . . . . . . . . . 6 . . 2 . 7 . 1 . 1 . . . 2 1 . . . . . . . . . . . Parts Built 14 | . . . . . . . . . . 1 . . . . 3 . 6 . 2 . . . . . . . . . 2 . . . . . . Matter 1916 | . . . . . . . . . . 234 . . . . 424 . 746 . 278 . . . . . . . . . 234 . . . . . . Time 675 | . . . . . . . . . . 58 . . . . 106 . 255 . 139 . . . . . . . . . 117 . . . . . . Total Part Build Rating 103 | . . . . . . . . . . 7 . . . . 18 . 46 . 18 . . . . . . . . . 14 . . . . . . Parts Repaired . | . . . . . . . . . . . . . . . . . . . . . . . . . . . . . . . . . . . . Time . | . . . . . . . . . . . . . . . . . . . . . . . . . . . . . . . . . . . . Parts Recycled . | . . . . . . . . . . . . . . . . . . . . . . . . . . . . . . . . . . . . Recycled Matter . | . . . . . . . . . . . . . . . . . . . . . . . . . . . . . . . . . . . . Retrieved Matter . | . . . . . . . . . . . . . . . . . . . . . . . . . . . . . . . . . . . . Retrieved Components 19 | . . . . . . . . . . 19 . . . . . . . . . . . . . . . . . . . . . . . . . Parts Scanalyzed 2 | . . . . . . . . . . 1 . . . . . . . . . . . . 1 . . . . . . . . . . . . Part Schematics Acquired 2 | . . . . . . . . . . 1 . . . . . . . . . . . . 1 . . . . . . . . . . . . Parts Damaged . | . . . . . . . . . . . . . . . . . . . . . . . . . . . . . . . . . . . . Bothacking | -11 -10 -10 -9 -9 -9 -8 -8 -8 -8 -7 -7 -7 -7 -6 -6 -6 -5 -5 -5 -5 -5 -5 -4 -4 -4 -4 -4 -3 -3 -2 -2 -1 -1 -1 -1 ------------ Run | Scr Mat Min Mat Sto Gar Mat Gar Mat Gar Fac Low Low Zio Pro Fac Gar Fac Was Fac Gar Fac Gar Fac Ext Cet Arc Hub Res Tes Res Gar Acc Gar Acc Com Used RIF Installer 8 | . . . . . 1 . 1 . 1 . . . . . . 1 . . . 1 . 1 . . . . . . . . 1 . 1 . . Coupler Efficiency 1 | . . . . . . . . . . . . . . . . . . . . . . 1 . . . . . . . . . . . . . Threat Obfuscator 1 | . . . . . . . . . . . . . . . . 1 . . . . . . . . . . . . . . . . . . . Signal Jammer 1 | . . . . . . . . . . . . . . . . . . . . 1 . . . . . . . . . . . . . . . Zone Cloak 1 | . . . . . . . . . . . . . . . . . . . . . . . . . . . . . . . 1 . . . . Alert ID Control 1 | . . . . . . . . . . . . . . . . . . . . . . . . . . . . . . . . . 1 . . Structural Interface 1 | . . . . . . . 1 . . . . . . . . . . . . . . . . . . . . . . . . . . . . Program Shield 1 | . . . . . . . . . 1 . . . . . . . . . . . . . . . . . . . . . . . . . . Robots Hacked 18 | . . . . . . . . . . 1 . . . . . . 1 . . . . 4 . 6 . . . 2 . . 1 . . 2 1 Non-combat 5 | . . . . . . . . . . 1 . . . . . . 1 . . . . . . . . . . 2 . . . . . . 1 Combat 13 | . . . . . . . . . . . . . . . . . . . . . . 4 . 6 . . . . . . 1 . . 2 . Robot Hacks Applied 37 | . . . . . . . . . . 6 . . . . . . 1 . . . . 4 . 6 . . . 8 . . 1 . . 2 9 parse_system 1 | . . . . . . . . . . . . . . . . . . . . . . . . . . . . . . . 1 . . . . find_chute 1 | . . . . . . . . . . . . . . . . . 1 . . . . . . . . . . . . . . . . . . map_walls 1 | . . . . . . . . . . . . . . . . . . . . . . . . . . . . 1 . . . . . . . purge_threat 20 | . . . . . . . . . . 4 . . . . . . . . . . . . . . . . . 7 . . . . . . 9 reprogram_traps 1 | . . . . . . . . . . 1 . . . . . . . . . . . . . . . . . . . . . . . . . summon_haulers 1 | . . . . . . . . . . 1 . . . . . . . . . . . . . . . . . . . . . . . . . reboot_system 1 | . . . . . . . . . . . . . . . . . . . . . . . . 1 . . . . . . . . . . . overwrite_iff 1 | . . . . . . . . . . . . . . . . . . . . . . . . 1 . . . . . . . . . . . formatsys_high 10 | . . . . . . . . . . . . . . . . . . . . . . 4 . 4 . . . . . . . . . 2 . Relay Couplers Released 60 | . . . . . 7 . 8 . 7 2 . . . . . 7 . . . 7 . 7 . . . . 1 1 . . 7 . 6 . . Machine Destruction 57 | . . . . . 7 . 8 . 7 . . . . . . 7 . . . 7 . 7 . . . . 1 . . . 7 . 6 . . Programmers 3 | . . . . . . . . . . 2 . . . . . . . . . . . . . . . . . 1 . . . . . . . Attached 7 | . . . . . . . 1 . . . . . . . . . . . . . . 2 . 1 . . . 1 . . . . . 1 1 Robots Rewired 34 | . . . . . . . 9 . . . 2 . . . . 4 . . . . . 1 . 18 . . . . . . . . . . . Allies Hacked 2 | . . . . . . . . . . . . . . . . . . . . . . . . . . . . 1 . . . . . . 1 Hacks Repelled . | . . . . . . . . . . . . . . . . . . . . . . . . . . . . . . . . . . . . Allies | -11 -10 -10 -9 -9 -9 -8 -8 -8 -8 -7 -7 -7 -7 -6 -6 -6 -5 -5 -5 -5 -5 -5 -4 -4 -4 -4 -4 -3 -3 -2 -2 -1 -1 -1 -1 -------- Run | Scr Mat Min Mat Sto Gar Mat Gar Mat Gar Fac Low Low Zio Pro Fac Gar Fac Was Fac Gar Fac Gar Fac Ext Cet Arc Hub Res Tes Res Gar Acc Gar Acc Com Total Allies 88 | . . . . 10 . 2 9 . . . 2 . . . . 4 3 . 3 . . 4 . 36 5 . . 5 . 3 . . . 2 . Largest Group 33 | . . . . 10 3 2 8 3 3 . 2 2 1 1 . 4 4 . 2 1 . 4 4 33 20 18 15 3 . 3 3 . . 2 2 Highest-Rated Group 1532 | . . . . 88 24 10 63 63 60 . 40 40 20 20 . 116 116 . 58 49 . 164 164 1532 1216 1093 845 138 . 207 207 . . 444 444 Highest-Rated Ally 222 | . . . . 16 8 5 21 21 21 . 20 20 20 20 . 29 31 . 49 49 . 41 41 156 156 156 94 56 . 69 69 . . 222 222 Total Orders 9 | . . . . . . . . . . . . . . . . 2 . . . . . . . 2 . . . 2 . . . . . 3 . STAY 4 | . . . . . . . . . . . . . . . . 1 . . . . . . . 1 . . . . . . . . . 2 . FOLLOW 3 | . . . . . . . . . . . . . . . . 1 . . . . . . . 1 . . . . . . . . . 1 . EXPLORE 2 | . . . . . . . . . . . . . . . . . . . . . . . . . . . . 2 . . . . . . . Ally Attacks 730 | . . . . 18 5 . 17 26 20 . . 3 . 1 . 7 79 . 9 1 . . 25 161 43 24 150 8 . . 53 . . 53 27 Total Damage 24036 | . . . . 178 10 . 103 470 507 . . 59 . . . 143 1128 . 116 50 . . 922 4048 1153 697 4659 141 . . 2274 . . 4969 2409 Kills 128 | . . . . 3 . . 2 8 5 . . . . . . . 6 . . . . . 6 21 8 3 29 1 . . 14 . . 17 5 Allies Corrupted 7 | . . . . . . . . . . . . . . . . . . . . . . . . . . . 7 . . . . . . . . Allies Melted . | . . . . . . . . . . . . . . . . . . . . . . . . . . . . . . . . . . . . Intel | -11 -10 -10 -9 -9 -9 -8 -8 -8 -8 -7 -7 -7 -7 -6 -6 -6 -5 -5 -5 -5 -5 -5 -4 -4 -4 -4 -4 -3 -3 -2 -2 -1 -1 -1 -1 ------- Run | Scr Mat Min Mat Sto Gar Mat Gar Mat Gar Fac Low Low Zio Pro Fac Gar Fac Was Fac Gar Fac Gar Fac Ext Cet Arc Hub Res Tes Res Gar Acc Gar Acc Com Robot Analysis Total . | . . . . . . . . . . . . . . . . . . . . . . . . . . . . . . . . . . . . Derelict Logs Recovered 7 | . . 2 . . . . . . . . 2 2 . 1 . . . . . . . . . . . . . . . . . . . . . Drone Launches 2 | . . . . . . . . . . . . . . . . . . . . . . . . . . . . 2 . . . . . . . Drone Recoveries 1 | . . . . . . . . . . . . . . . . . . . . . . . . . . . . 1 . . . . . . . Exploration | -11 -10 -10 -9 -9 -9 -8 -8 -8 -8 -7 -7 -7 -7 -6 -6 -6 -5 -5 -5 -5 -5 -5 -4 -4 -4 -4 -4 -3 -3 -2 -2 -1 -1 -1 -1 ------------- Run | Scr Mat Min Mat Sto Gar Mat Gar Mat Gar Fac Low Low Zio Pro Fac Gar Fac Was Fac Gar Fac Gar Fac Ext Cet Arc Hub Res Tes Res Gar Acc Gar Acc Com Turns Passed 26732 | 51 252 297 114 682 977 694 933 434 922 3613 1172 744 112 633 922 874 986 183 943 546 82 767 388 906 210 69 463 1318 949 215 736 80 749 2396 1320 Spaces Moved 24458 | 43 183 220 92 448 700 456 661 274 804 2675 1015 650 100 578 782 988 671 148 1066 562 122 967 526 724 165 62 410 1816 1109 276 880 181 719 2435 950 Core 2 | 2 . . . . . . . . . . . . . . . . . . . . . . . . . . . . . . . . . . . Treads . | . . . . . . . . . . . . . . . . . . . . . . . . . . . . . . . . . . . . Legs . | . . . . . . . . . . . . . . . . . . . . . . . . . . . . . . . . . . . . Wheels 9859 | 41 183 220 92 448 700 456 661 274 804 2675 1015 650 100 578 527 . 435 . . . . . . . . . . . . . . . . . . Hover 14597 | . . . . . . . . . . . . . . . 255 988 236 148 1066 562 122 967 526 724 165 62 410 1816 1109 276 880 181 719 2435 950 Flight . | . . . . . . . . . . . . . . . . . . . . . . . . . . . . . . . . . . . . Fastest Speed 36 | 50 100 100 100 95 95 87 87 87 85 80 86 86 86 86 38 36 36 46 43 48 48 48 48 48 48 48 44 40 38 38 38 38 38 38 38 Average Speed 60 | 97 100 100 100 95 95 91 87 87 85 84 86 86 86 86 70 38 82 46 48 52 48 48 48 48 48 48 47 42 38 38 38 38 38 38 38 Slowest Speed 180 | 100 100 100 100 100 95 95 87 87 87 90 86 86 86 86 175 40 180 46 52 152 48 48 48 48 48 48 48 44 44 38 38 38 38 44 42 Overloaded Moves . | . . . . . . . . . . . . . . . . . . . . . . . . . . . . . . . . . . . . Propulsion Burnouts . | . . . . . . . . . . . . . . . . . . . . . . . . . . . . . . . . . . . . Robots Hopped . | . . . . . . . . . . . . . . . . . . . . . . . . . . . . . . . . . . . . Cave-ins Triggered . | . . . . . . . . . . . . . . . . . . . . . . . . . . . . . . . . . . . . Exploration Rate (%) 57 | 3 46 61 12 80 81 57 90 41 97 62 96 80 11 88 24 98 14 84 35 94 6 89 16 87 75 77 44 65 93 10 98 8 98 35 23 Regions Visited 35 Branch Regions 12 Pre-discovered Areas 2 | . . . . . . . . . . 2 . . . . . . . . . . . . . . . . . . . . . . . . . Known Exits Taken 24 | . 1 1 1 1 . 1 . 1 . 1 1 1 1 1 1 . . . 1 . 1 . 1 1 1 1 1 1 1 1 . 1 . 1 . Unknown Exits Taken 1 | 1 . . . . . . . . . . . . . . . . . . . . . . . . . . . . . . . . . . . Scrap Searched 8 | . . . . . . . . . . . 3 2 . 3 . . . . . . . . . . . . . . . . . . . . . Spaces Dug 67 | . . . . 1 . . . . . 2 . . . . 2 3 . . 11 . 1 1 4 10 . . . 7 3 . . . . 19 3 Terrain Destroyed 966 | . . . . 28 . 43 . . 2 106 . 6 . . 15 58 9 1 124 16 1 21 8 16 17 . 241 25 7 1 1 . 20 82 118 Melee 4 | . . . . . . . . . . 2 . . . . . . . . . . . . . . . . . . . . . . . 2 . Projectile 129 | . . . . 1 . . . . . . . . . . 2 3 2 1 25 14 1 7 8 13 1 . 8 9 7 1 1 . . 22 3 AOE 833 | . . . . 27 . 43 . . 2 104 . 6 . . 13 55 7 . 99 2 . 14 . 3 16 . 233 16 . . . . 20 58 115 Terrain Rammed . | . . . . . . . . . . . . . . . . . . . . . . . . . . . . . . . . . . . . Walls Destroyed . | . . . . . . . . . . . . . . . . . . . . . . . . . . . . . . . . . . . . Machines Disabled . | . . . . . . . . . . . . . . . . . . . . . . . . . . . . . . . . . . . . Actions | -11 -10 -10 -9 -9 -9 -8 -8 -8 -8 -7 -7 -7 -7 -6 -6 -6 -5 -5 -5 -5 -5 -5 -4 -4 -4 -4 -4 -3 -3 -2 -2 -1 -1 -1 -1 --------- Run | Scr Mat Min Mat Sto Gar Mat Gar Mat Gar Fac Low Low Zio Pro Fac Gar Fac Was Fac Gar Fac Gar Fac Ext Cet Arc Hub Res Tes Res Gar Acc Gar Acc Com Total 32961 | 49 223 266 105 597 893 626 881 443 937 3696 1290 782 125 683 1044 1356 1022 205 1365 740 144 1207 637 1175 273 90 573 2241 1490 362 1181 187 1016 3449 1608 Wait 3780 | 2 18 22 5 51 42 84 54 114 14 692 228 65 26 53 143 198 210 6 132 33 15 120 73 261 71 24 22 171 131 57 87 1 44 296 215 Move 24427 | 42 182 219 91 448 699 455 660 274 803 2674 1014 649 99 577 781 987 671 147 1065 561 122 966 525 723 164 61 409 1815 1108 275 879 181 718 2434 949 Hop . | . . . . . . . . . . . . . . . . . . . . . . . . . . . . . . . . . . . . Pick Up 113 | . 1 1 . 3 3 1 1 2 6 8 1 1 . 5 3 8 7 . 2 6 . 5 1 3 . . 4 7 3 1 15 . 2 12 1 Fast Attach 207 | 5 2 2 3 6 1 7 2 6 2 19 . 2 . 1 9 7 13 2 17 2 3 2 5 . 2 . 14 19 27 . 2 . 1 13 11 Attach 24 | . . . . . . . 1 . 2 2 . . . . 1 2 . . . 3 . 3 1 2 . . 1 1 . . . . 2 2 1 Detach 8 | . . . . . . . . . . . . . . . . 1 . 1 1 2 . . . . . . 1 1 . . . . . . 1 Swap 55 | . . . . 6 1 5 . . 1 2 . . . . 2 1 2 1 11 . . 5 . 3 . . 1 2 1 . . 1 2 4 4 Drop 287 | . 1 2 2 8 3 6 3 7 6 26 1 3 . 6 10 15 18 4 22 8 3 6 6 2 2 . 20 24 28 1 16 . 1 21 6 Fire 2445 | . 14 15 4 48 53 49 61 12 47 179 20 35 . 23 61 79 62 36 76 58 1 64 14 96 13 5 60 131 140 24 113 4 162 436 250 Melee 9 | . . . . . . . 2 . . 3 . . . . 1 . . . . . . . . . . . . . . . . . . 3 . Ram 3 | . . . . . . . 1 . . . . . . . . . 1 . . . . . . . . . . . . . 1 . . . . Kick . | . . . . . . . . . . . . . . . . . . . . . . . . . . . . . . . . . . . . Crush . | . . . . . . . . . . . . . . . . . . . . . . . . . . . . . . . . . . . . Escape Stasis 160 | . . . . . 56 . 18 . 28 8 . . . . . 9 . . 5 13 . . . 1 . . . . . . 4 . 7 4 7 Rewire 128 | . . . . . . . 36 . . . 15 . . . . 12 . . . . . 5 . 60 . . . . . . . . . . . Trap . | . . . . . . . . . . . . . . . . . . . . . . . . . . . . . . . . . . . . Miscellaneous 1315 | . 5 5 . 27 35 19 42 28 28 83 11 27 . 18 33 37 38 8 34 54 . 31 12 24 21 . 41 70 52 4 64 . 77 224 163 Route ------- -11/Scrapyard -10/Materials (discovered 2 exits: *Mat / *Min) -10/Mines (discovered 2 exits: *Mat x2) -9/Materials -9/Storage (discovered 2 exits: *Mat / Gar) -9/Garrison (discovered 3 exits: *Mat x3) -8/Materials (discovered 3 exits: *Fac x2 / Gar) -8/Garrison (discovered 3 exits: *Mat x3) -8/Materials -8/Garrison (discovered 3 exits: *Fac x3) -7/Factory (discovered 3 exits: *Fac / *Low x2) -7/Lower Caves -7/Lower Caves (discovered 2 exits: *Fac / *Zio) -7/Zion -6/Proximity Caves -6/Factory (discovered 3 exits: Fac / Low / Gar) -6/Garrison (discovered 3 exits: *Fac x3) -5/Factory -5/Waste -5/Factory (discovered 4 exits: *Fac / [Upp] / Gar / Gar) -5/Garrison (discovered 3 exits: *Fac x3) -5/Factory -5/Garrison (discovered 3 exits: *Fac x3) -4/Factory (discovered 6 exits: *Res x2 / *Upp x2 / *Ext x2) -4/Extension (discovered 2 exits: *Res / *Cet) -4/Cetus (discovered 2 exits: *Res / *Arc) -4/Archives (discovered 2 exits: *Hub x2) -4/Hub_04(d) (discovered 4 exits: *Res x4) -3/Research (discovered 5 exits: *Res / [Arm] / *Tes x2 / Gar) -3/Testing -2/Research -2/Garrison (discovered 3 exits: *Acc x3) -1/Access (discovered 2 exits: Gar / Gar) -1/Garrison (discovered 3 exits: *Acc x3) -1/Access (discovered 2 exits: Sur / *Com) -1/Command To Epsilon Eridani History --------- Turn | Location | Event 9 | -11/Scrapyard | Upgraded with Propulsion slot (x1) 9 | -11/Scrapyard | Upgraded with Utility slot (x1) 9 | -11/Scrapyard | Upgraded with Weapon slot (x1) 14 | -11/Scrapyard | Discovered new exit (range 16) 52 | -11/Scrapyard | Entered Materials 109 | -10/Materials | Identified exit to Mines 115 | -10/Materials | Discovered new exit (range 5) 304 | -10/Materials | Entered Mines 308 | -10/Mines | Build established: Mutant 566 | -10/Mines | Discovered new exit (range 10) 571 | -10/Mines | Identified exit to Materials 575 | -10/Mines | Met a Derelict who couldn't figure out how to use a Trap Extractor 601 | -10/Mines | Entered Materials 602 | -9/Materials | Identified exit to Storage 603 | -9/Materials | Reached level 2 674 | -9/Materials | Upgraded with Weapon slot (x1) 715 | -9/Materials | Entered Storage 717 | -9/Storage | Reached level 3 748 | -9/Storage | Upgraded with Utility slot (x1) 863 | -9/Storage | Reached level 4 965 | -9/Storage | Assisted by bots powering up and referring to "LRC-V3" 1125 | -9/Storage | Reached level 5 1268 | -9/Storage | Reached level 6 1373 | -9/Storage | Discovered new exit (range 14) 1388 | -9/Storage | Identified exit to Garrison 1397 | -9/Storage | Entered Garrison 1397 | -9/Garrison | Accompanied by 3 allies 1451 | -9/Garrison | Triggered checkpoint 1460 | -9/Garrison | Triggered checkpoint 1486 | -9/Garrison | Triggered checkpoint 1490 | -9/Garrison | Reached level 7 1517 | -9/Garrison | Triggered checkpoint 1525 | -9/Garrison | Destroyed 9 combat bots 1667 | -9/Garrison | Discovered new exit (range 10) 1678 | -9/Garrison | Identified exit to Materials 1689 | -9/Garrison | Build established: Tank 1697 | -9/Garrison | Triggered checkpoint 1700 | -9/Garrison | Reached level 8 1725 | -9/Garrison | Garrison Relay disabled 1812 | -9/Garrison | Discovered exit to Materials (range 13) 1866 | -9/Garrison | Triggered checkpoint 1927 | -9/Garrison | Garrison Relay disabled 1945 | -9/Garrison | Upgraded with Utility slot (x1) 2042 | -9/Garrison | Discovered exit to Materials (range 8) 2056 | -9/Garrison | Installed Relay Interface Framework 2090 | -9/Garrison | Triggered checkpoint 2114 | -9/Garrison | Garrison Relay disabled 2254 | -9/Garrison | Build established: Gunner 2262 | -9/Garrison | Triggered checkpoint 2293 | -9/Garrison | Garrison Relay disabled 2293 | -9/Garrison | Reached level 9 2296 | -9/Garrison | Upgraded with Propulsion slot (x1) 2374 | -9/Garrison | Entered Materials 2376 | -8/Materials | Reached level 10 2567 | -8/Materials | Destroyed 7 combat bots 2571 | -8/Materials | Discovered new exit (range 17) 2587 | -8/Materials | Reached level 11 2599 | -8/Materials | Identified exit to Factory 2749 | -8/Materials | Upgraded with Propulsion slot (x1) 2958 | -8/Materials | Garrison activated, responded to threat 3006 | -8/Materials | Discovered exit to Factory (range 10) 3014 | -8/Materials | Identified exit to Garrison 3048 | -8/Materials | Upgraded with Power slot (x1) 3068 | -8/Materials | Entered Garrison 3068 | -8/Garrison | Accompanied by 2 allies 3070 | -8/Garrison | Reached level 12 3146 | -8/Garrison | Triggered checkpoint 3242 | -8/Garrison | Triggered checkpoint 3317 | -8/Garrison | Triggered checkpoint 3350 | -8/Garrison | Discovered new exit (range 10) 3368 | -8/Garrison | Identified exit to Materials 3388 | -8/Garrison | Triggered checkpoint 3426 | -8/Garrison | Garrison Relay disabled 3440 | -8/Garrison | Build established: Scavenger-Gunner 3486 | -8/Garrison | Triggered checkpoint 3500 | -8/Garrison | Garrison Relay disabled 3520 | -8/Garrison | Discovered exit to Materials (range 16) 3538 | -8/Garrison | Expanded RIF knowledge: Structural Interface 3538 | -8/Garrison | Reached level 13 3538 | -8/Garrison | Upgraded with Utility slot (x1) 3538 | -8/Garrison | Upgraded with Weapon slot (x1) 3679 | -8/Garrison | Triggered checkpoint 3734 | -8/Garrison | Garrison Relay disabled 3794 | -8/Garrison | Triggered checkpoint 3826 | -8/Garrison | Garrison Relay disabled 3913 | -8/Garrison | Triggered checkpoint 3950 | -8/Garrison | Garrison Relay disabled 3975 | -8/Garrison | Discovered exit to Materials (range 12) 4001 | -8/Garrison | Entered Materials 4001 | -8/Materials | Accompanied by 3 allies 4332 | -8/Materials | Identified exit to Garrison 4401 | -8/Materials | First assault squad dispatched 4435 | -8/Materials | Entered Garrison 4435 | -8/Garrison | Accompanied by 3 allies 4440 | -8/Garrison | Expanded RIF knowledge: Program Shield 4466 | -8/Garrison | Triggered checkpoint 4472 | -8/Garrison | Reached level 14 4487 | -8/Garrison | Garrison Relay disabled 4544 | -8/Garrison | Triggered checkpoint 4557 | -8/Garrison | Triggered checkpoint 4625 | -8/Garrison | Destroyed 9 combat bots 4700 | -8/Garrison | Triggered checkpoint 4754 | -8/Garrison | Discovered exit to Factory (range 3) 4775 | -8/Garrison | Garrison Relay disabled 4784 | -8/Garrison | Triggered checkpoint 4868 | -8/Garrison | Triggered checkpoint 4880 | -8/Garrison | Garrison Relay disabled 4901 | -8/Garrison | Discovered exit to Factory (range 12) 4987 | -8/Garrison | Discovered exit to Factory (range 5) 5004 | -8/Garrison | Triggered checkpoint 5004 | -8/Garrison | Garrison Relay disabled 5084 | -8/Garrison | Spotted B-75 Beast 5235 | -8/Garrison | Upgraded with Utility slot (x1) 5357 | -8/Garrison | Entered Factory 5359 | -7/Factory | Reached level 15 5397 | -7/Factory | Discovered new exit (range 12) 5410 | -7/Factory | Identified exit to Lower Caves 5555 | -7/Factory | Build established: Scavenger-Assassin 6005 | -7/Factory | Build established: Scavenger-Skirmisher 6014 | -7/Factory | Discovered exit to Lower Caves (range 12) 6112 | -7/Factory | Fabricated HERF Cannon? 6326 | -7/Factory | Discovered new exit (range 17) 6357 | -7/Factory | Local fabrication network quarantined 6371 | -7/Factory | Identified exit to Factory 6579 | -7/Factory | Reached level 16 7033 | -7/Factory | Build established: Scavenger-Assassin 7547 | -7/Factory | Build established: Assassin 7785 | -7/Factory | Reached level 17 8157 | -7/Factory | First assault squad dispatched 8210 | -7/Factory | Upgraded with Utility slot (x1) 8495 | -7/Factory | Build established: Skirmisher 8970 | -7/Factory | Entered Lower Caves 9319 | -7/Lower Caves | Encountered a Warlord checkpoint 9351 | -7/Lower Caves | Discovered new exit (range 9) 9357 | -7/Lower Caves | Identified exit to Lower Caves 9484 | -7/Lower Caves | Learned Factory stockpile data 9629 | -7/Lower Caves | Learned 8 Factory zone layouts 9721 | -7/Lower Caves | Attacked by a faux Warlord 9767 | -7/Lower Caves | Destroyed 7 combat bots 10142 | -7/Lower Caves | Entered another Lower Caves area 10142 | -7/Lower Caves | Accompanied by 2 allies 10162 | -7/Lower Caves | Discovered exit to Factory (range 5) 10183 | -7/Lower Caves | Learned location of 1 exit from Proximity Caves 10298 | -7/Lower Caves | Learned Factory security intel 10343 | -7/Lower Caves | Reached level 18 10384 | -7/Lower Caves | Destroyed 7 combat bots 10470 | -7/Lower Caves | Spotted B-75 Beast 10705 | -7/Lower Caves | Destroyed B-75 Beast 10848 | -7/Lower Caves | Discovered new exit (range 16) 10863 | -7/Lower Caves | Identified exit to Zion 10886 | -7/Lower Caves | Entered Zion 10886 | -7/Zion | Accompanied by 1 ally 10911 | -7/Zion | System corruption cleaned by Quarantine Array 10936 | -7/Zion | Discovered new exit (range 14) 10987 | -7/Zion | Identified exit to Proximity Caves 10998 | -7/Zion | Entered Proximity Caves 10998 | -6/Proximity Caves | Accompanied by 1 ally 11409 | -6/Proximity Caves | Attracted the attention of an 0b10 checkpoint 11531 | -6/Proximity Caves | Learned location of 1 exit from Factory 11532 | -6/Proximity Caves | Reached level 19 11615 | -6/Proximity Caves | Upgraded with Utility slot (x1) 11631 | -6/Proximity Caves | Entered Factory 11632 | -6/Factory | Identified exit to Lower Caves 11855 | -6/Factory | Garrison activated, responded to threat 12057 | -6/Factory | Fabricated Hvy. Shock Bomb Launcher? 12103 | -6/Factory | Fabricated Linear Gravjet? 12103 | -6/Factory | Reached level 20 12127 | -6/Factory | Local fabrication network quarantined 12252 | -6/Factory | Identified exit to Garrison 12267 | -6/Factory | Garrison activated, responded to threat 12299 | -6/Factory | Upgraded with Propulsion slot (x1) 12348 | -6/Factory | Discovered new exit (range 20) 12405 | -6/Factory | Garrison activated, responded to threat 12553 | -6/Factory | Entered Garrison 12584 | -6/Garrison | Triggered checkpoint 12588 | -6/Garrison | Build established: Scout 12597 | -6/Garrison | Garrison Relay disabled 12638 | -6/Garrison | Triggered checkpoint 12776 | -6/Garrison | Discovered new exit (range 12) 12788 | -6/Garrison | Triggered checkpoint 12802 | -6/Garrison | Garrison Relay disabled 12822 | -6/Garrison | Triggered checkpoint 12836 | -6/Garrison | Triggered checkpoint 12864 | -6/Garrison | Triggered checkpoint 12895 | -6/Garrison | Discovered new exit (range 3) 12895 | -6/Garrison | Identified exit to Factory 12898 | -6/Garrison | Expanded RIF knowledge: Threat Obfuscation 12921 | -6/Garrison | Triggered checkpoint 12932 | -6/Garrison | Garrison Relay disabled 12981 | -6/Garrison | Triggered checkpoint 13007 | -6/Garrison | Discovered exit to Factory (range 13) 13037 | -6/Garrison | Garrison Relay disabled 13077 | -6/Garrison | Phase Generator disabled 13077 | -6/Garrison | Reached level 21 13098 | -6/Garrison | Destroyed 7 combat bots 13144 | -6/Garrison | Upgraded with Propulsion slot (x1) 13163 | -6/Garrison | Spotted B-75 Beast 13339 | -6/Garrison | Destroyed B-75 Beast 13401 | -6/Garrison | Build established: Commander-Scout 13427 | -6/Garrison | Entered Factory 13427 | -5/Factory | Accompanied by 4 allies 13727 | -5/Factory | First assault squad dispatched 13770 | -5/Factory | Build established: Commander-Skirmisher 13872 | -5/Factory | Reached level 22 14052 | -5/Factory | P-70 Sage assimilated allied Soldier 5a 14070 | -5/Factory | Fabricated Cmb. Airjet? 14134 | -5/Factory | Allied Derelicts emerged from ambush trap array 14218 | -5/Factory | Fabricated Cmb. Linear Gravjet (x2) 14328 | -5/Factory | Local fabrication network quarantined 14354 | -5/Factory | Fabricated Cmb. Linear Gravjet (x2) 14413 | -5/Factory | Sucked down chute 14413 | -5/Factory | Entered Waste 14418 | -5/Waste | Spotted C-40 Crusher 14428 | -5/Waste | EMP discharged 14428 | -5/Waste | System corruption reached 10% 14452 | -5/Waste | Destroyed C-40 Crusher 14457 | -5/Waste | Spotted C-40 Crusher 14473 | -5/Waste | Destroyed C-40 Crusher 14481 | -5/Waste | Spotted C-40 Crusher 14484 | -5/Waste | Destroyed C-40 Crusher 14491 | -5/Waste | Spotted C-40 Crusher 14496 | -5/Waste | Spotted C-40 Crusher 14501 | -5/Waste | Destroyed C-40 Crusher 14514 | -5/Waste | Spotted C-40 Crusher 14519 | -5/Waste | Destroyed C-40 Crusher 14528 | -5/Waste | EMP discharged 14532 | -5/Waste | Destroyed C-40 Crusher 14540 | -5/Waste | Found Damper Plating 14589 | -5/Waste | Discovered new exit (range 10) 14593 | -5/Waste | Identified exit to Factory 14596 | -5/Waste | Entered Factory 14646 | -5/Factory | Identified exit to Garrison 14654 | -5/Factory | Garrison activated, responded to threat 14658 | -5/Factory | Build established: Machinist-Scout 15045 | -5/Factory | Discovered new exit (range 15) 15055 | -5/Factory | Reached level 23 15178 | -5/Factory | Garrison activated, responded to threat 15338 | -5/Factory | Fabricated Cmb. Linear Gravjet (x2) 15393 | -5/Factory | Discovered new exit (range 7) 15394 | -5/Factory | Local fabrication network quarantined 15496 | -5/Factory | First assault squad dispatched 15498 | -5/Factory | Identified exit to Garrison 15518 | -5/Factory | Garrison activated, responded to threat 15539 | -5/Factory | Entered Garrison 15539 | -5/Garrison | Accompanied by 1 ally 15549 | -5/Garrison | Expanded RIF knowledge: Signal Jamming 15566 | -5/Garrison | Triggered checkpoint 15583 | -5/Garrison | Garrison Relay disabled 15619 | -5/Garrison | Spotted B-75 Beast 15623 | -5/Garrison | Triggered checkpoint 15679 | -5/Garrison | Destroyed B-75 Beast 15742 | -5/Garrison | Triggered checkpoint 15776 | -5/Garrison | Garrison Relay disabled 15787 | -5/Garrison | Discovered new exit (range 11) 15812 | -5/Garrison | Triggered checkpoint 15858 | -5/Garrison | Discovered new exit (range 10) 15872 | -5/Garrison | Triggered checkpoint 15879 | -5/Garrison | Garrison Relay disabled 15925 | -5/Garrison | Triggered checkpoint 15964 | -5/Garrison | Garrison Relay disabled 15976 | -5/Garrison | Destroyed 8 combat bots 15983 | -5/Garrison | Discovered new exit (range 15) 16084 | -5/Garrison | Identified exit to Factory 16085 | -5/Garrison | Entered Factory 16167 | -5/Factory | Identified exit to Garrison 16167 | -5/Factory | Entered Garrison 16170 | -5/Garrison | Expanded RIF knowledge: Coupler Efficiency 16195 | -5/Garrison | Spotted B-75 Beast 16226 | -5/Garrison | Garrison Relay disabled 16226 | -5/Garrison | Reached level 24 16354 | -5/Garrison | Destroyed B-75 Beast 16414 | -5/Garrison | Triggered checkpoint 16458 | -5/Garrison | Triggered checkpoint 16517 | -5/Garrison | Garrison Relay disabled 16536 | -5/Garrison | Discovered new exit (range 14) 16578 | -5/Garrison | Triggered checkpoint 16582 | -5/Garrison | Garrison Relay disabled 16594 | -5/Garrison | Discovered new exit (range 16) 16603 | -5/Garrison | Identified exit to Factory 16629 | -5/Garrison | Triggered checkpoint 16780 | -5/Garrison | Garrison Relay disabled 16793 | -5/Garrison | Discovered exit to Factory (range 15) 16934 | -5/Garrison | Entered Factory 16934 | -4/Factory | Accompanied by 4 allies 16947 | -4/Factory | Discovered new exit (range 9) 16951 | -4/Factory | Identified exit to Research 16963 | -4/Factory | Identified exit to Upper Caves 16963 | -4/Factory | Identified exit to Extension 17260 | -4/Factory | Discovered exit to Research (range 16) 17322 | -4/Factory | Entered Extension 17322 | -4/Extension | Accompanied by 3 allies 17324 | -4/Extension | Reached level 25 17448 | -4/Extension | Rescued a captive Derelict 17449 | -4/Extension | Rescued a captive Derelict 17451 | -4/Extension | Rescued a captive Derelict 17452 | -4/Extension | Rescued a captive Derelict 17459 | -4/Extension | Rescued a captive Derelict 17460 | -4/Extension | Rescued a captive Derelict 17463 | -4/Extension | Rescued a captive Derelict 17464 | -4/Extension | Rescued a captive Derelict 17541 | -4/Extension | Rescued a captive Derelict 17541 | -4/Extension | Rescued a captive Derelict 17577 | -4/Extension | Rescued A7 17738 | -4/Extension | Build established: Commander-Scout 17797 | -4/Extension | Disrupted transfer network 17842 | -4/Extension | Spotted B-86 Titan 17851 | -4/Extension | Allies destroyed B-86 Titan 17855 | -4/Extension | Spotted B-86 Titan 17868 | -4/Extension | Allies destroyed B-86 Titan 17934 | -4/Extension | Reached level 26 17955 | -4/Extension | Upgraded with Utility slot (x1) 18024 | -4/Extension | Rescued a captive Derelict 18027 | -4/Extension | Rescued a captive Derelict 18137 | -4/Extension | Discovered exit to Research (range 10) 18138 | -4/Extension | Discovered new exit (range 6) 18143 | -4/Extension | Identified exit to Cetus 18228 | -4/Extension | Entered Cetus 18228 | -4/Cetus | Accompanied by 18 allies (A7) 18233 | -4/Cetus | Acquired a Cetus Manufacturing Module code from A7 18235 | -4/Cetus | Spotted Cetus Guard 18235 | -4/Cetus | Spotted Cetus Guard 18236 | -4/Cetus | Spotted Cetus Guard 18236 | -4/Cetus | Spotted Cetus Guard 18246 | -4/Cetus | Allies destroyed Cetus Guard 18247 | -4/Cetus | Allies destroyed Cetus Guard 18248 | -4/Cetus | Allies destroyed Cetus Guard 18251 | -4/Cetus | Allies destroyed Cetus Guard 18299 | -4/Cetus | Started Cetus Manufacturing Module 18309 | -4/Cetus | Escorted A7 to Cetus Mainframe 18317 | -4/Cetus | Discovered new exit (range 17) 18324 | -4/Cetus | Manufactured an Enhanced Grunt 18332 | -4/Cetus | Spotted Cetus Guard 18332 | -4/Cetus | Spotted Cetus Guard 18337 | -4/Cetus | Allies destroyed Cetus Guard 18337 | -4/Cetus | Spotted Cetus Guard 18340 | -4/Cetus | Destroyed Cetus Guard 18340 | -4/Cetus | Spotted Cetus Guard 18341 | -4/Cetus | Destroyed Cetus Guard 18345 | -4/Cetus | Allies destroyed Cetus Guard 18346 | -4/Cetus | Discovered exit to Research (range 16) 18349 | -4/Cetus | Manufactured an Enhanced Grunt 18350 | -4/Cetus | Met Revision 17 18374 | -4/Cetus | Manufactured an Enhanced Grunt 18380 | -4/Cetus | Identified exit to Archives 18399 | -4/Cetus | Manufactured an Enhanced Grunt 18424 | -4/Cetus | Manufactured an Enhanced Grunt 18438 | -4/Cetus | Entered Archives 18438 | -4/Archives | Accompanied by 18 allies (A7) 18443 | -4/Archives | Received a hacking code to weaken MAIN.C 18459 | -4/Archives | Reached level 27 18465 | -4/Archives | Discovered new exit (range 19) 18466 | -4/Archives | Discovered new exit (range 16) 18469 | -4/Archives | Unable to access archive contents 18474 | -4/Archives | Unable to access archive contents 18483 | -4/Archives | Identified exit to Hub_04(d) 18507 | -4/Archives | Entered Hub_04(d) 18507 | -4/Hub_04(d) | Accompanied by 15 allies 18535 | -4/Hub_04(d) | Discovered exit to Research (range 13) 18538 | -4/Hub_04(d) | Discovered exit to Research (range 18) 18642 | -4/Hub_04(d) | Discovered exit to Research (range 9) 18685 | -4/Hub_04(d) | Identified exit to Garrison 18691 | -4/Hub_04(d) | Found Prototype Processor 18691 | -4/Hub_04(d) | Identified Exp. Targeting Computer 18696 | -4/Hub_04(d) | Found Prototype Launcher 18696 | -4/Hub_04(d) | Identified Mni. Smartbomb Launcher 18703 | -4/Hub_04(d) | Discovered exit to Research (range 17) 18741 | -4/Hub_04(d) | Network Hub disabled 18757 | -4/Hub_04(d) | First assault squad dispatched 18767 | -4/Hub_04(d) | Spotted Lightning 18767 | -4/Hub_04(d) | Spotted Lightning 18768 | -4/Hub_04(d) | Spotted Lightning 18787 | -4/Hub_04(d) | Allies destroyed Lightning 18794 | -4/Hub_04(d) | Allies destroyed Lightning 18837 | -4/Hub_04(d) | Spotted Lightning 18837 | -4/Hub_04(d) | Spotted Lightning 18840 | -4/Hub_04(d) | Spotted Lightning 18903 | -4/Hub_04(d) | Destroyed Lightning 18910 | -4/Hub_04(d) | Destroyed Lightning 18918 | -4/Hub_04(d) | Destroyed Lightning 18924 | -4/Hub_04(d) | Found Prototype Energy Cannon 18924 | -4/Hub_04(d) | Identified EMDS 18945 | -4/Hub_04(d) | Found EMDS 18953 | -4/Hub_04(d) | Spotted Lightning 18953 | -4/Hub_04(d) | Spotted Lightning 18970 | -4/Hub_04(d) | Entered Research 18972 | -3/Research | Reached level 28 19070 | -3/Research | Build established: Machinist-Scout 19155 | -3/Research | Discovered new exit (range 12) 19163 | -3/Research | Identified exit to Research 19170 | -3/Research | Revision forces began assault on 0b10 19239 | -3/Research | Discovered new exit (range 19) 19321 | -3/Research | Reached level 29 19334 | -3/Research | Discovered new exit (range 18) 19416 | -3/Research | Identified exit to Garrison 19420 | -3/Research | Found Prototype Processor 19420 | -3/Research | Identified Exp. Target Analyzer 19640 | -3/Research | Upgraded with Utility slot (x1) 19670 | -3/Research | Research terminal network offline 19753 | -3/Research | Discovered new exit (range 5) 19843 | -3/Research | Found Prototype Device 19843 | -3/Research | Identified Exp. Thermal Defense Suite 19866 | -3/Research | Build established: Scavenger-Scout 19897 | -3/Research | Spotted Striker 19897 | -3/Research | Spotted Striker 19920 | -3/Research | Destroyed Striker 19921 | -3/Research | Destroyed Striker 19992 | -3/Research | Destroyed 12 combat bots 20033 | -3/Research | Found Unknown Launcher 20033 | -3/Research | Identified Gamma Bomb Array 20040 | -3/Research | Allied Derelicts emerged from ambush trap array 20286 | -3/Research | Identified exit to Testing 20288 | -3/Research | Entered Testing 20309 | -3/Testing | Protovariant out of control (PL-W3GCNVZLLV) 20344 | -3/Testing | Found Prototype Processor 20344 | -3/Testing | Identified Exp. Melee Analysis Suite 20426 | -3/Testing | Found Prototype Device 20426 | -3/Testing | Identified Exp. Hardlight Generator 20465 | -3/Testing | Scanned by Researcher 20515 | -3/Testing | Found Prototype Ballistic Gun 20515 | -3/Testing | Identified Hyp. Multirail 20620 | -3/Testing | Spotted Investigator 20622 | -3/Testing | Reached level 30 20622 | -3/Testing | Destroyed Investigator 20767 | -3/Testing | Protovariant out of control (PX-VGFLBSW0Y5) 20767 | -3/Testing | Unleashed a protovariant (PX-VGFLBSW0Y5) 20808 | -3/Testing | Build established: Machinist-Scout 20836 | -3/Testing | System corruption reached 10% 20851 | -3/Testing | Found Prototype Energy Cannon 20851 | -3/Testing | Identified Cld. Nova Cannon 20878 | -3/Testing | Discovered exit to Research (range 17) 20994 | -3/Testing | Fabricated Imp. Remote Shield? 21063 | -3/Testing | First assault squad dispatched 21134 | -3/Testing | Found Prototype Processor 21134 | -3/Testing | Identified Exp. Core Analyzer 21237 | -3/Testing | Entered Research 21376 | -2/Research | Reached level 31 21424 | -2/Research | Identified exit to Garrison 21441 | -2/Research | Spotted B-90 Cyclops 21452 | -2/Research | Entered Garrison 21452 | -2/Garrison | Accompanied by 3 allies 21483 | -2/Garrison | Triggered checkpoint 21502 | -2/Garrison | Triggered checkpoint 21508 | -2/Garrison | Garrison Relay disabled 21521 | -2/Garrison | Spotted B-90 Cyclops 21542 | -2/Garrison | Triggered checkpoint 21543 | -2/Garrison | Allies destroyed B-90 Cyclops 21546 | -2/Garrison | Triggered checkpoint 21574 | -2/Garrison | Triggered checkpoint 21585 | -2/Garrison | Triggered checkpoint 21609 | -2/Garrison | Reached level 32 21639 | -2/Garrison | Triggered checkpoint 21649 | -2/Garrison | Garrison Relay disabled 21653 | -2/Garrison | Destroyed 8 combat bots 21658 | -2/Garrison | Discovered new exit (range 16) 21687 | -2/Garrison | Spotted B-90 Cyclops 21687 | -2/Garrison | Spotted B-90 Cyclops 21692 | -2/Garrison | Triggered checkpoint 21700 | -2/Garrison | Triggered checkpoint 21708 | -2/Garrison | Discovered new exit (range 18) 21850 | -2/Garrison | Destroyed B-90 Cyclops 21886 | -2/Garrison | Destroyed B-90 Cyclops 21954 | -2/Garrison | Garrison Relay disabled 21993 | -2/Garrison | Garrison Relay disabled 22050 | -2/Garrison | Garrison Relay disabled 22055 | -2/Garrison | Triggered checkpoint 22084 | -2/Garrison | Discovered new exit (range 20) 22099 | -2/Garrison | Identified exit to Access 22101 | -2/Garrison | Expanded RIF knowledge: Zone Cloak 22188 | -2/Garrison | Entered Access 22190 | -1/Access | Reached level 33 22191 | -1/Access | Identified exit to Garrison 22268 | -1/Access | Identified exit to Garrison 22268 | -1/Access | Entered Garrison 22271 | -1/Garrison | Upgraded with Utility slot (x1) 22280 | -1/Garrison | Triggered checkpoint 22304 | -1/Garrison | Garrison Relay disabled 22313 | -1/Garrison | Spotted B-99 Colossus 22468 | -1/Garrison | Triggered checkpoint 22468 | -1/Garrison | Triggered checkpoint 22472 | -1/Garrison | Reached level 34 22476 | -1/Garrison | Destroyed B-99 Colossus 22543 | -1/Garrison | Destroyed 16 combat bots 22558 | -1/Garrison | Triggered checkpoint 22640 | -1/Garrison | Destroyed 13 combat bots 22647 | -1/Garrison | Triggered checkpoint 22659 | -1/Garrison | Discovered new exit (range 11) 22664 | -1/Garrison | Identified exit to Access 22672 | -1/Garrison | Triggered checkpoint 22705 | -1/Garrison | Garrison Relay disabled 22742 | -1/Garrison | Discovered exit to Access (range 8) 22749 | -1/Garrison | Expanded RIF knowledge: Alert ID Control 22756 | -1/Garrison | Triggered checkpoint 22805 | -1/Garrison | Garrison Relay disabled 22884 | -1/Garrison | Reached level 35 22913 | -1/Garrison | Discovered exit to Access (range 10) 22932 | -1/Garrison | Destroyed 9 combat bots 22938 | -1/Garrison | Triggered checkpoint 22943 | -1/Garrison | Garrison Relay disabled 22967 | -1/Garrison | Upgraded with Utility slot (x1) 23017 | -1/Garrison | Entered Access 23249 | -1/Access | Spotted B-99 Colossus 23253 | -1/Access | Spotted B-99 Colossus 23254 | -1/Access | Assimilated Colossus 10a with formatsys_high 23255 | -1/Access | Assimilated Colossus 10b with formatsys_high 23267 | -1/Access | First assault squad dispatched 23504 | -1/Access | Discovered new exit (range 13) 23613 | -1/Access | High security lockdown imminent 23693 | -1/Access | High security lockdown engaged 23887 | -1/Access | Destroyed 10 combat bots 23889 | -1/Access | Reached level 36 23897 | -1/Access | Spotted Investigator 23903 | -1/Access | Destroyed Investigator 23975 | -1/Access | Spotted Executioner 23975 | -1/Access | Spotted Executioner 23976 | -1/Access | Destroyed Executioner 23981 | -1/Access | Destroyed Executioner 24038 | -1/Access | Spotted Striker 24038 | -1/Access | Spotted Striker 24038 | -1/Access | Spotted Executioner 24038 | -1/Access | Destroyed Striker 24043 | -1/Access | Destroyed Executioner 24049 | -1/Access | Destroyed Striker 24083 | -1/Access | Destroyed 30 combat bots 24088 | -1/Access | Spotted Executioner 24088 | -1/Access | Spotted Executioner 24091 | -1/Access | Destroyed Executioner 24094 | -1/Access | Spotted Striker 24094 | -1/Access | Spotted Executioner 24094 | -1/Access | Spotted Executioner 24097 | -1/Access | Destroyed Executioner 24097 | -1/Access | Destroyed Executioner 24100 | -1/Access | Destroyed Striker 24103 | -1/Access | Destroyed Executioner 24128 | -1/Access | Spotted Executioner 24129 | -1/Access | Spotted Striker 24142 | -1/Access | Destroyed Striker 24185 | -1/Access | Destroyed 20 combat bots 24227 | -1/Access | Allies destroyed Executioner 24255 | -1/Access | Spotted Executioner 24255 | -1/Access | Spotted Executioner 24263 | -1/Access | Destroyed Executioner 24263 | -1/Access | Reached level 37 24264 | -1/Access | Destroyed Executioner 24300 | -1/Access | Destroyed 11 combat bots 24321 | -1/Access | Spotted Executioner 24321 | -1/Access | Spotted Executioner 24323 | -1/Access | Spotted Executioner 24332 | -1/Access | Destroyed Executioner 24335 | -1/Access | Destroyed Executioner 24337 | -1/Access | Destroyed Executioner 24379 | -1/Access | Sterilization system engaged 24393 | -1/Access | Destroyed 20 combat bots 24536 | -1/Access | Found Unknown Launcher 24536 | -1/Access | Identified Fusion Bomb Launcher 24671 | -1/Access | Destroyed 8 combat bots 24679 | -1/Access | Ambient heat levels rising (+10) 24816 | -1/Access | Spotted B-99 Colossus 24829 | -1/Access | Ambient heat levels rising (+10) 24971 | -1/Access | Discovered new exit (range 18) 24979 | -1/Access | Ambient heat levels rising (+10) 25129 | -1/Access | Ambient heat levels rising (+10) 25248 | -1/Access | Spotted B-99 Colossus 25279 | -1/Access | Ambient heat levels rising (+10) 25320 | -1/Access | Allies destroyed B-99 Colossus 25323 | -1/Access | Spotted B-99 Colossus 25352 | -1/Access | Destroyed B-99 Colossus 25404 | -1/Access | Identified exit to Command 25413 | -1/Access | Entered Command 25413 | -1/Command | Accompanied by 2 allies 25577 | -1/Command | Reached level 38 25582 | -1/Command | Spotted B-99 Colossus 25663 | -1/Command | First assault squad dispatched 25783 | -1/Command | Destroyed 8 combat bots 25797 | -1/Command | Spotted Alpha 7 25798 | -1/Command | Spotted Striker 25807 | -1/Command | Spotted Executioner 25808 | -1/Command | Destroyed Executioner 25809 | -1/Command | Spotted Executioner 25816 | -1/Command | Spotted B-99 Colossus 25817 | -1/Command | Destroyed Striker 25821 | -1/Command | Destroyed Alpha 7 25822 | -1/Command | Destroyed Executioner 25824 | -1/Command | Spotted Striker 25825 | -1/Command | Spotted Executioner 25826 | -1/Command | Spotted Executioner 25826 | -1/Command | Spotted Alpha 7 25830 | -1/Command | Destroyed Executioner 25839 | -1/Command | Destroyed Striker 25842 | -1/Command | Destroyed Executioner 25847 | -1/Command | Allies destroyed Alpha 7 25858 | -1/Command | Spotted B-99 Colossus 25863 | -1/Command | Destroyed 7 combat bots 25887 | -1/Command | Core integrity fell below 50% 26105 | -1/Command | Discovered new exit (range 13) 26113 | -1/Command | Destroyed B-99 Colossus 26179 | -1/Command | Identified exit to Surface 26187 | -1/Command | Found Prototype Ballistic Gun 26187 | -1/Command | Identified Multirail 26189 | -1/Command | Found Multirail 26209 | -1/Command | Destroyed B-99 Colossus 26246 | -1/Command | High security lockdown imminent 26263 | -1/Command | Found Prototype Device 26263 | -1/Command | Identified Adv. Kinecellerator 26285 | -1/Command | Phase Generator disabled 26326 | -1/Command | High security lockdown engaged 26394 | -1/Command | Spotted Executioner 26394 | -1/Command | Spotted Striker 26401 | -1/Command | Destroyed Executioner 26412 | -1/Command | Destroyed Striker 26443 | -1/Command | Destroyed 14 combat bots 26507 | -1/Command | Spotted Investigator 26520 | -1/Command | Destroyed Investigator 26547 | -1/Command | Destroyed 15 combat bots 26662 | -1/Command | Spotted Striker 26666 | -1/Command | Destroyed Striker 26667 | -1/Command | Spotted Executioner 26679 | -1/Command | Destroyed Executioner 26718 | -1/Command | Destroyed 26 combat bots 26733 | *** | Escaped! Last Messages --------------- 26695_ A bubble of rippling energy engulfs the area. 26695_ L-61 Swordsman shuts down. 26696_ Acquired 4 matter. 26696_ Acquired 3 matter. 26696_ G-73 Enforcer system terminally corrupted. 26696_ Phase Gun fried. 26696_ Adv. Heat Sink fried. 26696_ Lgt. Quantum Reactor fried. 26697_ L-61 Swordsman system terminally corrupted. 26697_ Microactuators fried. 26697_ Slug penetrates L-61 Swordsman. 26697_ Destroyed Flexi-carbon Leg. 26697_ Slug penetrates L-61 Swordsman. 26697_ Adv. Melee Analysis Suite fried. 26697_ L-61 Swordsman destroyed. 26698_ Acquired 12 matter. 26699_ Protomatter-53 decays. 26707_ Protomatter-31 decays. 26710_ Used Protomatter to restore core integrity (+147, depleted) 26712_ Used Protomatter to restore core integrity (+18, depleted) Map ----- +----------------------------------------------------+ | %= # # "################## # | | ##+#"########### # " """"" # # + | | [ !!! ###### "*=*=# ""T"" # # # | | !! ###### %=%%!%# # # ### | | !! ###### =!" ![%= # # # | | ###### %%=% # # # | | == ##########" %=== =* + + + | | %* ! ###########% %= "#########+#### # | | ####+##+############# ]!= [ ## ######### #### # | | # " ########!=%= [ ############ #### # | | # #######] ==! ###########+#### ### | | # "" ####### =% ###### ! ## #?# | | + """" ####### = = ###### ## #?# | | # """" #######= * % ###### "" ## ##? | | # "" #######[ ===! ###### """" # ## | | + #######*[= ###### """" + | | # #######===% % ;###### "" # ## | | # || ! !#######! !^ /%= ;###### ## ##? | | # ! ####### ^^/ = !###### #? #? | | # ###### [ / = %!;#### ## + | | # ###### ! !! ########+##+##? # ? | | ##/#?############## ^^^^^^ ^ ##### ? #? | | ? ####### ^ ##### # #?? | | ????? ####### ^ ##### # ?? | | ???? ####### ^ ^ ;#### # #? | | ?? """" ####### ^ @ ^ ;############## ??? | | R ?? """" ####### ^ ^ ####### ####### ??# | | ?"???"""" ####### ####### ##### ? ??? | | ???? """" ####### ^^^ ^^^ ####### ##### T???? | | ????? ####### ####### ##### ""??? | | ????? ####### ####### ##### ????? | | ?????? #########;#;#;;#;#;####### ##### ????? | | ?????? ########################## #####?????? | | ???????################## # ##############??????? | | ??????? ###### ## ######## ??????? | | ???????? s s ################## ???????? | | ???????? s ################## ???????? | | ????????? ss ################## ????????? | | ?????????? s ################## ?????????? | | ?????k?????############################??????????? | | ????????????##########################???????????? | | ??????????????""" #################?#???????????? | | ????????????????" ################??????????????? | | ?????????????????? #############?????????????????? | | ????????????????????????###??????????????????????? | | ?????????????????????????????????????????????????? | | ?????????????????????????????????????????????????? | | ?????????????????????????????????????????????????? | | ???????????????????????????????w?????????????????? | | ?????????????????????????????????????????????????? | +----------------------------------------------------+ Best States ------------- Heat Dissipation 145 Energy Generation 71 Energy Capacity 1390 Matter Stores 400 Matter Capacity 400 Sight Range 17 Robot Scan Range 26 Terrain Scan Range 20 Terrain Scan Density 210 Power Amplification 50 EM Shielding 2 Corruption Prevention 12 Armor Coverage 1200 Resistance: KI 20 Resistance: TH 25 Resistance: EM 90 Weapon Cycling 20 Evasion (%) 57 Targeting Accuracy 6 Target Analysis 8 Core Analysis 15 Armor Integrity Analysis 33 Matter Filtering 30 Energy Filtering 30 Particle Charging 15 Kinecelleration 50 Offensive Hacking 10 Defensive Hacking 5 Relay Coupler Types 78 Relay Coupler Value 1 Item Schematics ----------------- Imp. EM Pulse Cannon | -7/Factory | Hacked Linear Gravjet | -7/Factory | Hacked Hvy. Shock Bomb Launcher | -7/Factory | Hacked HERF Cannon | -7/Factory | Downloaded Powered Hammer | -7/Factory | Scanalyzed Med. Matter Pod | -7/Factory | Extracted Hvy. Riot Gun | -7/Zion | Free Beamcaster | -7/Zion | Free Imp. Thermal Converter | -6/Factory | Extracted Imp. Heat Shielding | -6/Factory | Extracted Imp. Trap Extractor | -6/Factory | Extracted Adv. Signal Interpreter | -6/Factory | Extracted Thermal Shield | -6/Factory | Extracted Cmb. Airjet | -6/Factory | Hacked Adv. Shield Generator | -6/Factory | Hacked Cmb. Linear Gravjet | -5/Factory | Downloaded System Restoration Module | -5/Factory | Hacked Imp. Remote Shield | -4/Factory | Hacked Imp. Remote Datajack | -4/Factory | Scanalyzed Adv. Force Field | -4/Extension | Hacked Robot Schematics ------------------ None Fabricated ------------ HERF Cannon | x1 | -7/Factory | Preloaded Hvy. Shock Bomb Launcher | x1 | -6/Factory Linear Gravjet | x2 | -6/Factory Cmb. Airjet | x2 | -5/Factory Cmb. Linear Gravjet | x2 | -5/Factory | Preloaded Cmb. Linear Gravjet | x2 | -5/Factory | Preloaded Cmb. Linear Gravjet | x2 | -5/Factory Imp. Remote Shield | x2 | -3/Testing Alien Tech Used ----------------- None Achievements -------------- None Challenges ------------ None RPGLIKE | -11 -10 -10 -9 -9 -9 -8 -8 -8 -8 -7 -7 -7 -7 -6 -6 -6 -5 -5 -5 -5 -5 -5 -4 -4 -4 -4 -4 -3 -3 -2 -2 -1 -1 -1 -1 --------- Run | Scr Mat Min Mat Sto Gar Mat Gar Mat Gar Fac Low Low Zio Pro Fac Gar Fac Was Fac Gar Fac Gar Fac Ext Cet Arc Hub Res Tes Res Gar Acc Gar Acc Com Levels Raised 37 | . . . 1 4 3 2 2 . 1 3 . 1 . 1 1 1 1 . 1 . . 1 . 2 . 1 . 2 1 1 1 1 2 2 1 XP Earned 59142 | 3000 425 1000 1500 4924 4274 4283 2170 779 1084 4472 343 489 82 1365 1656 1227 2327 73 852 966 . 482 1217 1986 785 266 1427 2437 1028 1368 2055 1523 2367 3799 1111 XP Spent 58415 | 2920 . . 1540 3510 5695 1600 4765 . 2470 4270 . . . 2300 1400 1700 450 560 2590 . . 1500 . 2705 . 115 1500 3100 1785 . . . 7525 2695 1720 Upgrades 116 | 14 . . 5 13 13 2 8 . 5 7 . . . 1 1 1 2 2 7 . . 2 . 2 . 1 1 2 5 . . . 7 11 4 Power Slot 1 | . . . . . . 1 . . . . . . . . . . . . . . . . . . . . . . . . . . . . . Propulsion Slot 5 | 1 . . . . 1 1 . . . . . . . . 1 1 . . . . . . . . . . . . . . . . . . . Utility Slot 11 | 1 . . . 1 1 . 1 . 1 1 . . . 1 . . . . . . . . . 1 . . . 1 . . . . 2 . . Weapon Slot 3 | 1 . . 1 . . . 1 . . . . . . . . . . . . . . . . . . . . . . . . . . . . Core Integrity 30 | 2 . . . . 1 . 1 . 2 2 . . . . . . . . . . . . . 1 . 1 . . 2 . . . 5 11 2 Heat Dissipation 20 | 3 . . 3 2 . . 1 . 1 . . . . . . . 1 2 7 . . . . . . . . . . . . . . . . Energy Generation 1 | . . . . . . . 1 . . . . . . . . . . . . . . . . . . . . . . . . . . . . Matter Storage 2 | . . . . . . . . . . . . . . . . . . . . . . . . . . . . 1 1 . . . . . . Mass Support 1 | 1 . . . . . . . . . . . . . . . . . . . . . . . . . . . . . . . . . . . Inventory Capacity 6 | 1 . . . 2 1 . . . . 1 . . . . . . . . . . . . . . . . 1 . . . . . . . . Sight Range 1 | 1 . . . . . . . . . . . . . . . . . . . . . . . . . . . . . . . . . . . Sensor Range 13 | . . . . 8 5 . . . . . . . . . . . . . . . . . . . . . . . . . . . . . . Terrain Scan Density 2 | . . . . . . . . . . 2 . . . . . . . . . . . . . . . . . . . . . . . . . Ranged Accuracy 6 | 1 . . . . 1 . 1 . . 1 . . . . . . . . . . . . . . . . . . 1 . . . . . 1 Hack Attack % 2 | . . . . . 1 . . . 1 . . . . . . . . . . . . . . . . . . . . . . . . . . Hack Defense % 1 | . . . . . 1 . . . . . . . . . . . . . . . . . . . . . . . . . . . . . . KI Resistance % 4 | 1 . . 1 . . . 1 . . . . . . . . . . . . . . 1 . . . . . . . . . . . . . TH Resistance % 4 | 1 . . . . 1 . 1 . . . . . . . . . . . . . . 1 . . . . . . . . . . . . . KI Damage % 1 | . . . . . . . . . . . . . . . . . . . . . . . . . . . . . . . . . . . 1 TH Damage % 2 | . . . . . . . . . . . . . . . . . 1 . . . . . . . . . . . 1 . . . . . . Protomatter Created 14024 | . 91 . . 229 501 95 224 109 171 1066 258 89 . 139 269 434 552 . 380 435 . 266 . 256 148 . 321 837 745 202 1061 . 592 2620 1934 Integrity Restored 25744 | . 103 99 . 515 621 404 885 559 585 1370 186 519 . 302 637 608 700 164 697 1105 . 613 220 477 407 . 714 1381 986 34 1199 . 1522 4611 3521 Core 15686 | . 82 99 . 388 433 319 725 185 431 1031 146 463 . 166 466 454 539 27 438 693 . 466 50 265 208 . 321 761 255 20 662 . 873 2594 2126 Parts 10058 | . 21 . . 127 188 85 160 374 154 339 40 56 . 136 171 154 161 137 259 412 . 147 170 212 199 . 393 620 731 14 537 . 649 2017 1395 Protomatter Decayed 10204 | . . . . 120 255 1 51 8 18 492 186 19 . 23 40 29 377 . 261 48 . 38 99 307 273 40 519 2850 639 129 912 . 63 1740 667 Game ------ Seed SwarmCompositeMultirail Manual? 0 Play Time 06:18:18 Cumulative 397.7 hours Start 2021.06.13 @ 11:06:56 End 2021.06.13 @ 17:33:20 Sessions 1 Manual Loads 0 Difficulty Rogue Special Mode Winter2019/RPGLIKE Game No. 151 Rogue 151 Adventurer 0 Explorer 0 Win Type 0 Total 28 Types 24/0/3/1/0/0/0/0/0 Lore% 83 Gallery% 89 Achievement% 74 Wizard Run 0 Options --------- ASCII 0 Keyboard 0 Movement Mouse Keybinds 0 Fullscreen 2 Font 12/Smallcaps Map View 83x54 Tactical HUD 1 Map Filters NONE Filters NONE Steam X RUN: a11ff0e5-2731-4437-bee9-907d472141db